Workbook
Name Profesionales: Tablasalarios2018!$A$4:$A$18

Sheet  R-FC-88
C1: TABLA UNICA PARA LA LIQUIDACIÓN DE LA TARIFA
C2: R-FC-88
C3: 02
A4: Expediente / solicitud: | G4: Información del propietario
A5: Usuario | G5: Dirección de la empresa:
A6: NIT y/o CC: | G6: Correo:
A7: Tipo de Permiso | G7: Contacto:
A8: Actuación | G8: Información del predio
A9: Fecha de Liquidación: | G9: Municipio, vereda o cgto:
G10: Nombre del predio:
A14: TABLA ÚNICA
A15: Honorarios y Viáticos
A16: Categoria MADS | B16: Especialidad | C16: Grado | D16: No. Profesionales | E16: Honorarios Mensuales | F16: Dedicación mensual (Hombre/mes) | G16: No. De Visitas (b) | H16: Duración de cada visita (c ) | I16: Duración del pronunciamiento (d) | J16: Duración Total(e) (b(c+d)) | K16: Viáticos diarios(f) | L16: Viáticos Totales (g) (b*c*f) | M16: Subtotales (h) ((a*e)+g))
E17: =IFERROR(SUMIFS('Tabla Honorarios 2023'!$G$3:$G$19,'Tabla Honorarios 2023'!$A$3:$A$19,' R-FC-88'!A17,'Tabla Honorarios 2023'!$C$3:$C$19,' R-FC-88'!C17),0) -> 0 | F17: =IFERROR((J17/D17)/30,0) -> 0 | J17: =(G17*H17)+I17 -> 0 | K17: =IFERROR(IF(G17>0,VLOOKUP(CONCATENATE(A17,C17),TablaViaticos2021!$A$26:$E$40,5),0),0) -> 0 | L17: =(G17*H17*D17)*K17 -> 0 | M17: =((E17*D17/30))*J17+L17 -> 0 | Q17: Juridica Inicial
E18: =IFERROR(SUMIFS('Tabla Honorarios 2023'!$G$3:$G$19,'Tabla Honorarios 2023'!$A$3:$A$19,' R-FC-88'!A18,'Tabla Honorarios 2023'!$C$3:$C$19,' R-FC-88'!C18),0) -> 0 | F18: =IFERROR((J18/D18)/30,0) -> 0 | J18: =(G18*H18)+I18 -> 0 | K18: 0 | L18: =(G18*H18*D18)*K18 -> 0 | M18: =((E18*D18/30))*J18+L18 -> 0 | Q18: Firma auto de inicio
E19: =IFERROR(SUMIFS('Tabla Honorarios 2023'!$G$3:$G$19,'Tabla Honorarios 2023'!$A$3:$A$19,' R-FC-88'!A19,'Tabla Honorarios 2023'!$C$3:$C$19,' R-FC-88'!C19),0) -> 0 | F19: =IFERROR((J19/D19)/30,0) -> 0 | J19: =(G19*H19)+I19 -> 0 | K19: =IFERROR(IF(G19>0,VLOOKUP(CONCATENATE(A19,C19),TablaViaticos2021!$A$26:$E$40,5),0),0) -> 0 | L19: 0 | M19: =((E19*D19/30))*J19+L19 -> 0 | Q19: Evaluación y Visita Técnica
E20: =IFERROR(SUMIFS('Tabla Honorarios 2023'!$G$3:$G$19,'Tabla Honorarios 2023'!$A$3:$A$19,' R-FC-88'!A20,'Tabla Honorarios 2023'!$C$3:$C$19,' R-FC-88'!C20),0) -> 0 | F20: =IFERROR((J20/D20)/30,0) -> 0 | J20: =(G20*H20)+I20 -> 0 | K20: =IFERROR(IF(G20>0,VLOOKUP(CONCATENATE(A20,C20),TablaViaticos2021!$A$26:$E$40,5),0),0) -> 0 | L20: =(G20*H20*D20)*K20 -> 0 | M20: =((E20*D20/30))*J20+L20 -> 0 | Q20: Análisis Cartográfico
E21: =IFERROR(SUMIFS('Tabla Honorarios 2023'!$G$3:$G$19,'Tabla Honorarios 2023'!$A$3:$A$19,' R-FC-88'!A21,'Tabla Honorarios 2023'!$C$3:$C$19,' R-FC-88'!C21),0) -> 0 | F21: =IFERROR((J21/D21)/30,0) -> 0 | J21: =(G21*H21)+I21 -> 0 | K21: =IFERROR(IF(G21>0,VLOOKUP(CONCATENATE(A21,C21),TablaViaticos2021!$A$26:$E$40,5),0),0) -> 0 | L21: =(G21*H21*D21)*K21 -> 0 | M21: =((E21*D21/30))*J21+L21 -> 0 | Q21: Revisión coordinador Inf Tco
E22: =IFERROR(SUMIFS('Tabla Honorarios 2023'!$G$3:$G$19,'Tabla Honorarios 2023'!$A$3:$A$19,' R-FC-88'!A22,'Tabla Honorarios 2023'!$C$3:$C$19,' R-FC-88'!C22),0) -> 0 | F22: =IFERROR((J22/D22)/30,0) -> 0 | J22: =(G22*H22)+I22 -> 0 | K22: =IFERROR(IF(G22>0,VLOOKUP(CONCATENATE(A22,C22),TablaViaticos2021!$A$26:$E$40,5),0),0) -> 0 | L22: =(G22*H22*D22)*K22 -> 0 | M22: =((E22*D22/30))*J22+L22 -> 0 | Q22: Proyección acto administrativo
E23: =IFERROR(SUMIFS('Tabla Honorarios 2023'!$G$3:$G$19,'Tabla Honorarios 2023'!$A$3:$A$19,' R-FC-88'!A23,'Tabla Honorarios 2023'!$C$3:$C$19,' R-FC-88'!C23),0) -> 0 | F23: =IFERROR((J23/D23)/30,0) -> 0 | J23: =(G23*H23)+I23 -> 0 | K23: =IFERROR(IF(G23>0,VLOOKUP(CONCATENATE(A23,C23),TablaViaticos2021!$A$26:$E$40,5),0),0) -> 0 | L23: =(G23*H23*D23)*K23 -> 0 | M23: =((E23*D23/30))*J23+L23 -> 0 | Q23: Revisión Acto Administrativo
E24: =IFERROR(SUMIFS('Tabla Honorarios 2023'!$G$3:$G$19,'Tabla Honorarios 2023'!$A$3:$A$19,' R-FC-88'!A24,'Tabla Honorarios 2023'!$C$3:$C$19,' R-FC-88'!C24),0) -> 0 | F24: =IFERROR((J24/D24)/30,0) -> 0 | J24: =(G24*H24)+I24 -> 0 | K24: =IFERROR(IF(G24>0,VLOOKUP(CONCATENATE(A24,C24),TablaViaticos2021!$A$26:$E$40,5),0),0) -> 0 | L24: =(G24*H24*D24)*K24 -> 0 | M24: =((E24*D24/30))*J24+L24 -> 0 | Q24: Revisón coordinador SGAA
E25: =IFERROR(SUMIFS('Tabla Honorarios 2023'!$G$3:$G$19,'Tabla Honorarios 2023'!$A$3:$A$19,' R-FC-88'!A25,'Tabla Honorarios 2023'!$C$3:$C$19,' R-FC-88'!C25),0) -> 0 | F25: =IFERROR((J25/D25)/30,0) -> 0 | J25: =(G25*H25)+I25 -> 0 | K25: =IFERROR(IF(G25>0,VLOOKUP(CONCATENATE(A25,C25),TablaViaticos2021!$A$26:$E$40,5),0),0) -> 0 | L25: =(G25*H25*D25)*K25 -> 0 | M25: =((E25*D25/30))*J25+L25 -> 0 | Q25: Revisión secretario general
E26: =IFERROR(SUMIFS('Tabla Honorarios 2023'!$G$3:$G$19,'Tabla Honorarios 2023'!$A$3:$A$19,' R-FC-88'!A26,'Tabla Honorarios 2023'!$C$3:$C$19,' R-FC-88'!C26),0) -> 0 | F26: =IFERROR((J26/D26)/30,0) -> 0 | J26: =(G26*H26)+I26 -> 0 | K26: =IFERROR(IF(G26>0,VLOOKUP(CONCATENATE(A26,C26),TablaViaticos2021!$A$26:$E$40,5),0),0) -> 0 | L26: =(G26*H26*D26)*K26 -> 0 | M26: =((E26*D26/30))*J26+L26 -> 0 | Q26: Firma del acto administrativo
E27: =IFERROR(SUMIFS('Tabla Honorarios 2023'!$G$3:$G$19,'Tabla Honorarios 2023'!$A$3:$A$19,' R-FC-88'!A27,'Tabla Honorarios 2023'!$C$3:$C$19,' R-FC-88'!C27),0) -> 0 | F27: =IFERROR((J27/D27)/30,0) -> 0 | J27: =(G27*H27)+I27 -> 0 | K27: =IFERROR(IF(G27>0,VLOOKUP(A27,TablaViaticos2021!$B$26:$E$40,4),0),0) -> 0 | L27: =(G27*H27*D27)*K27 -> 0 | M27: =((E27*D27/30))*I27+L27 -> 0
E28: =IFERROR(SUMIFS('Tabla Honorarios 2023'!$G$3:$G$19,'Tabla Honorarios 2023'!$A$3:$A$19,' R-FC-88'!A28,'Tabla Honorarios 2023'!$C$3:$C$19,' R-FC-88'!C28),0) -> 0 | F28: =IFERROR((J28/D28)/30,0) -> 0 | J28: =(G28*H28)+I28 -> 0 | K28: =IFERROR(IF(G28>0,VLOOKUP(A28,TablaViaticos2021!$B$26:$E$40,4),0),0) -> 0 | L28: =(G28*H28*D28)*K28 -> 0 | M28: =((E28*D28/30))*I28+L28 -> 0
E29: =IFERROR(SUMIFS('Tabla Honorarios 2023'!$G$3:$G$19,'Tabla Honorarios 2023'!$A$3:$A$19,' R-FC-88'!A29,'Tabla Honorarios 2023'!$C$3:$C$19,' R-FC-88'!C29),0) -> 0 | F29: =IFERROR((J29/D29)/30,0) -> 0 | J29: =(G29*H29)+I29 -> 0 | K29: =IFERROR(IF(G29>0,VLOOKUP(A29,TablaViaticos2021!$B$26:$E$40,4),0),0) -> 0 | L29: =(G29*H29*D29)*K29 -> 0 | M29: =((E29*D29/30))*I29+L29 -> 0
E30: =IFERROR(SUMIFS('Tabla Honorarios 2023'!$G$3:$G$19,'Tabla Honorarios 2023'!$A$3:$A$19,' R-FC-88'!A30,'Tabla Honorarios 2023'!$C$3:$C$19,' R-FC-88'!C30),0) -> 0 | F30: =IFERROR((J30/D30)/30,0) -> 0 | J30: =(G30*H30)+I30 -> 0 | K30: =IFERROR(IF(G30>0,VLOOKUP(A30,TablaViaticos2021!$B$26:$E$40,4),0),0) -> 0 | L30: =(G30*H30*D30)*K30 -> 0 | M30: =((E30*D30/30))*I30+L30 -> 0
E31: =IFERROR(SUMIFS('Tabla Honorarios 2023'!$G$3:$G$19,'Tabla Honorarios 2023'!$A$3:$A$19,' R-FC-88'!A31,'Tabla Honorarios 2023'!$C$3:$C$19,' R-FC-88'!C31),0) -> 0 | F31: =IFERROR((J31/D31)/30,0) -> 0 | J31: =(G31*H31)+I31 -> 0 | K31: =IFERROR(IF(G31>0,VLOOKUP(A31,TablaViaticos2021!$B$26:$E$40,4),0),0) -> 0 | L31: =(G31*H31*D31)*K31 -> 0 | M31: =((E31*D31/30))*I31+L31 -> 0
E32: =IFERROR(SUMIFS('Tabla Honorarios 2023'!$G$3:$G$19,'Tabla Honorarios 2023'!$A$3:$A$19,' R-FC-88'!A32,'Tabla Honorarios 2023'!$C$3:$C$19,' R-FC-88'!C32),0) -> 0 | F32: =IFERROR((J32/D32)/30,0) -> 0 | J32: =(G32*H32)+I32 -> 0 | K32: =IFERROR(IF(G32>0,VLOOKUP(A32,TablaViaticos2021!$B$26:$E$40,4),0),0) -> 0 | L32: =(G32*H32*D32)*K32 -> 0 | M32: =((E32*D32/30))*I32+L32 -> 0
E33: =IFERROR(SUMIFS('Tabla Honorarios 2023'!$G$3:$G$19,'Tabla Honorarios 2023'!$A$3:$A$19,' R-FC-88'!A33,'Tabla Honorarios 2023'!$C$3:$C$19,' R-FC-88'!C33),0) -> 0 | F33: =IFERROR((J33/D33)/30,0) -> 0 | J33: =(G33*H33)+I33 -> 0 | K33: =IFERROR(IF(G33>0,VLOOKUP(A33,TablaViaticos2021!$B$26:$E$40,4),0),0) -> 0 | L33: =(G33*H33*D33)*K33 -> 0 | M33: =((E33*D33/30))*I33+L33 -> 0
E34: =IFERROR(SUMIFS('Tabla Honorarios 2023'!$G$3:$G$19,'Tabla Honorarios 2023'!$A$3:$A$19,' R-FC-88'!A34,'Tabla Honorarios 2023'!$C$3:$C$19,' R-FC-88'!C34),0) -> 0 | F34: =IFERROR((J34/D34)/30,0) -> 0 | J34: =(G34*H34)+I34 -> 0 | K34: =IFERROR(IF(G34>0,VLOOKUP(A34,TablaViaticos2021!$B$26:$E$40,4),0),0) -> 0 | L34: =(G34*H34*D34)*K34 -> 0 | M34: =((E34*D34/30))*I34+L34 -> 0
E35: =IFERROR(SUMIFS('Tabla Honorarios 2023'!$G$3:$G$19,'Tabla Honorarios 2023'!$A$3:$A$19,' R-FC-88'!A35,'Tabla Honorarios 2023'!$C$3:$C$19,' R-FC-88'!C35),0) -> 0 | F35: =IFERROR((J35/D35)/30,0) -> 0 | J35: =(G35*H35)+I35 -> 0 | K35: =IFERROR(IF(G35>0,VLOOKUP(A35,TablaViaticos2021!$B$26:$E$40,4),0),0) -> 0 | L35: =(G35*H35*D35)*K35 -> 0 | M35: =((E35*D35/30))*I35+L35 -> 0
E36: =IFERROR(SUMIFS('Tabla Honorarios 2023'!$G$3:$G$19,'Tabla Honorarios 2023'!$A$3:$A$19,' R-FC-88'!A36,'Tabla Honorarios 2023'!$C$3:$C$19,' R-FC-88'!C36),0) -> 0 | F36: =IFERROR((J36/D36)/30,0) -> 0 | J36: =(G36*H36)+I36 -> 0 | K36: =IFERROR(IF(G36>0,VLOOKUP(A36,TablaViaticos2021!$B$26:$E$40,4),0),0) -> 0 | L36: =(G36*H36*D36)*K36 -> 0 | M36: =((E36*D36/30))*I36+L36 -> 0
E37: =IFERROR(SUMIFS('Tabla Honorarios 2023'!$G$3:$G$19,'Tabla Honorarios 2023'!$A$3:$A$19,' R-FC-88'!A37,'Tabla Honorarios 2023'!$C$3:$C$19,' R-FC-88'!C37),0) -> 0 | F37: =IFERROR((J37/D37)/30,0) -> 0 | J37: =(G37*H37)+I37 -> 0 | K37: =IFERROR(IF(G37>0,VLOOKUP(A37,TablaViaticos2021!$B$26:$E$40,4),0),0) -> 0 | L37: =(G37*H37*D37)*K37 -> 0 | M37: =((E37*D37/30))*I37+L37 -> 0
E38: =IFERROR(SUMIFS('Tabla Honorarios 2023'!$G$3:$G$19,'Tabla Honorarios 2023'!$A$3:$A$19,' R-FC-88'!A38,'Tabla Honorarios 2023'!$C$3:$C$19,' R-FC-88'!C38),0) -> 0 | F38: =IFERROR((J38/D38)/30,0) -> 0 | J38: =(G38*H38)+I38 -> 0 | K38: =IFERROR(IF(G38>0,VLOOKUP(A38,TablaViaticos2021!$B$26:$E$40,4),0),0) -> 0 | L38: =(G38*H38*D38)*K38 -> 0 | M38: =((E38*D38/30))*I38+L38 -> 0
... E43: =IFERROR(SUMIFS('Tabla Honorarios 2023'!$G$3:$G$19,'Tabla Honorarios 2023'!$A$3:$A$19,' R-FC-88'!A43,'Tabla Honorarios 2023'!$C$3:$C$19,' R-FC-88'!C43),0) -> 0 | F43: =IFERROR((J43/D43)/30,0) -> 0 | J43: =(G43*H43)+I43 -> 0 | K43: =IFERROR(IF(G43>0,VLOOKUP(A43,TablaViaticos2021!$B$26:$E$40,4),0),0) -> 0 | L43: =(G43*H43*D43)*K43 -> 0 | M43: =((E43*D43/30))*I43+L43 -> 0
A45: Valor proyecto* | E45: 0 | I45: (A) Costo honorarios y Viáticos | M45: =SUM(M17:M43) -> 0
A46: Valor Salario Minimo | E46: =+bdMacroeconomicos!C20 -> 1750905 | I46: (B) Gastos de viaje | M46: =35000*H19*8 -> 0
A47: # de Salarios mínimos | E47: =+E45/E46 -> 0 | I47: (C) Costo analisis de laboratorio y otros | M47: 0
A48: Porcentaje aplicable | E48: =IF(E47>=2115,(IF(E47=2115,0.6%,IF(E47<8458,0.5%,0.4%))),"0"%) -> 0 | I48: Costo Total (A+B+C) | M48: =M45+M46+M47 -> 0
A49: LIQUIDACIÓN | I49: Costo de Administración (25%) | M49: =M48*25% -> 0
A50: Valor # 1 | E50: =IF(E45>0,IF(E46<=0,0,IF($E$47<25,$E$67,IF($E$47<35,$E$68,IF($E$47<50,$E$69,IF($E$47<70,$E$70,IF($E$47<100,$E$71,IF($E$47<200,$E$72,IF($E$47<300,$E$73,IF($E$47<400,$E$74,IF($E$47<500,$E$75,IF($E$47<700,$E$76,IF($E$47<900,$E$77,IF($E$47<1500,$E$78,IF($E$47<2115,$E$79,IF(E47>=2115,E45*E48,0))))))))))))))),0) -> 0 | I50: VALOR TABLA ÚNICA | M50: =SUM(M48:M49) -> 0
A51: Valor # 2 (Según liquidación Tabla Única) | E51: =+M50 -> 0 | I51: Otros:
A52: SI PROYECTO ES MENOR A 2115 SMMLV, PAGA EL MENOR VALOR RESULTANTE VALOR #1 Y #2 | J52: =IF(E45<=0,E51+M51,MIN(E50:E51)+M51) -> 0
A53: * Ver resolución 100-03-10-99-0001-2026 ARTÍCULO 10°. El sujeto pasivo de la obligación deberá suministrar el valor del proyecto, obra o actividad, actualizado en pesos colombianos (COP$), de manera veraz y ajustada a las condiciones reales del mismo. (Incluyendo Costos de Inversión y Costos de Operación durante la vigencia)
J54: TOTAL A PAGAR
A55: Proyectó: | E55: Revisó:
A65: Tabla 2: Topes liquidación Tabla Única proyectos menores a 2.115 SMMV
A66: Valor proyecto | B66: Tarifa máxima 2010 | E66: Tarifa máxima | F66: Valor pyto
A67: Menores a 25 SMMV | B67: 76941 | D67: 25 | E67: =ROUND(B67*(1+bdMacroeconomicos!$B$4)*(1+bdMacroeconomicos!$B$5)*(1+bdMacroeconomicos!$B$6)*(1+bdMacroeconomicos!$B$7)*(1+bdMacroeconomicos!$B$8)*(1+bdMacroeconomicos!$B$9)*(1+bdMacroeconomicos!$B$10)*(1+bdMacroeconomicos!$B$11)*(1+bdMacroeconomicos!$B$12)*(1+bdMacroeconomicos!$B$13)*(1+bdMacroeconomicos!$B$14)*(1+bdMacroeconomicos!$B$15)*(1+bdMacroeconomicos!$B$16)*(1+bdMacroeconomicos!$B$17)*(1+bdMacroeconomicos!$B$18)*(1+bdMacroeconomicos!$B$19),-2) -> 164600 | F67: =D67*$E$46 -> 43772625
A68: Igual o superior a 25 SMMV e inferior a 35 SMMV | B68: 107841 | D68: 35 | E68: =ROUND(B68*(1+bdMacroeconomicos!$B$4)*(1+bdMacroeconomicos!$B$5)*(1+bdMacroeconomicos!$B$6)*(1+bdMacroeconomicos!$B$7)*(1+bdMacroeconomicos!$B$8)*(1+bdMacroeconomicos!$B$9)*(1+bdMacroeconomicos!$B$10)*(1+bdMacroeconomicos!$B$11)*(1+bdMacroeconomicos!$B$12)*(1+bdMacroeconomicos!$B$13)*(1+bdMacroeconomicos!$B$14)*(1+bdMacroeconomicos!$B$15)*(1+bdMacroeconomicos!$B$16)*(1+bdMacroeconomicos!$B$17)*(1+bdMacroeconomicos!$B$18)*(1+bdMacroeconomicos!$B$19),-2) -> 230700 | F68: =D68*$E$46 -> 61281675
A69: Igual o superior a 35 SMMV e inferior a 50 SMMV | B69: 154191 | D69: 50 | E69: =ROUND(B69*(1+bdMacroeconomicos!$B$4)*(1+bdMacroeconomicos!$B$5)*(1+bdMacroeconomicos!$B$6)*(1+bdMacroeconomicos!$B$7)*(1+bdMacroeconomicos!$B$8)*(1+bdMacroeconomicos!$B$9)*(1+bdMacroeconomicos!$B$10)*(1+bdMacroeconomicos!$B$11)*(1+bdMacroeconomicos!$B$12)*(1+bdMacroeconomicos!$B$13)*(1+bdMacroeconomicos!$B$14)*(1+bdMacroeconomicos!$B$15)*(1+bdMacroeconomicos!$B$16)*(1+bdMacroeconomicos!$B$17)*(1+bdMacroeconomicos!$B$18)*(1+bdMacroeconomicos!$B$19),-2) -> 329800 | F69: =D69*$E$46 -> 87545250
A70: Igual o superior a 50 SMMV e inferior a 70 SMMV | B70: 215991 | D70: 70 | E70: =ROUND(B70*(1+bdMacroeconomicos!$B$4)*(1+bdMacroeconomicos!$B$5)*(1+bdMacroeconomicos!$B$6)*(1+bdMacroeconomicos!$B$7)*(1+bdMacroeconomicos!$B$8)*(1+bdMacroeconomicos!$B$9)*(1+bdMacroeconomicos!$B$10)*(1+bdMacroeconomicos!$B$11)*(1+bdMacroeconomicos!$B$12)*(1+bdMacroeconomicos!$B$13)*(1+bdMacroeconomicos!$B$14)*(1+bdMacroeconomicos!$B$15)*(1+bdMacroeconomicos!$B$16)*(1+bdMacroeconomicos!$B$17)*(1+bdMacroeconomicos!$B$18)*(1+bdMacroeconomicos!$B$19),-2) -> 462000 | F70: =D70*$E$46 -> 122563350
A71: Igual o superior a 70 SMMV e inferior a 100 SMMV | B71: 308691 | D71: 100 | E71: =ROUND(B71*(1+bdMacroeconomicos!$B$4)*(1+bdMacroeconomicos!$B$5)*(1+bdMacroeconomicos!$B$6)*(1+bdMacroeconomicos!$B$7)*(1+bdMacroeconomicos!$B$8)*(1+bdMacroeconomicos!$B$9)*(1+bdMacroeconomicos!$B$10)*(1+bdMacroeconomicos!$B$11)*(1+bdMacroeconomicos!$B$12)*(1+bdMacroeconomicos!$B$13)*(1+bdMacroeconomicos!$B$14)*(1+bdMacroeconomicos!$B$15)*(1+bdMacroeconomicos!$B$16)*(1+bdMacroeconomicos!$B$17)*(1+bdMacroeconomicos!$B$18)*(1+bdMacroeconomicos!$B$19),-2) -> 660300 | F71: =D71*$E$46 -> 175090500
A72: Igual o superior a 100 SMMV e inferior a 200 SMMV | B72: 617691 | D72: 200 | E72: =ROUND(B72*(1+bdMacroeconomicos!$B$4)*(1+bdMacroeconomicos!$B$5)*(1+bdMacroeconomicos!$B$6)*(1+bdMacroeconomicos!$B$7)*(1+bdMacroeconomicos!$B$8)*(1+bdMacroeconomicos!$B$9)*(1+bdMacroeconomicos!$B$10)*(1+bdMacroeconomicos!$B$11)*(1+bdMacroeconomicos!$B$12)*(1+bdMacroeconomicos!$B$13)*(1+bdMacroeconomicos!$B$14)*(1+bdMacroeconomicos!$B$15)*(1+bdMacroeconomicos!$B$16)*(1+bdMacroeconomicos!$B$17)*(1+bdMacroeconomicos!$B$18)*(1+bdMacroeconomicos!$B$19),-2) -> 1321200 | F72: =D72*$E$46 -> 350181000
A73: Igual o superior a 200 SMMV e inferior a 300 SMMV | B73: 926691 | D73: 300 | E73: =ROUND(B73*(1+bdMacroeconomicos!$B$4)*(1+bdMacroeconomicos!$B$5)*(1+bdMacroeconomicos!$B$6)*(1+bdMacroeconomicos!$B$7)*(1+bdMacroeconomicos!$B$8)*(1+bdMacroeconomicos!$B$9)*(1+bdMacroeconomicos!$B$10)*(1+bdMacroeconomicos!$B$11)*(1+bdMacroeconomicos!$B$12)*(1+bdMacroeconomicos!$B$13)*(1+bdMacroeconomicos!$B$14)*(1+bdMacroeconomicos!$B$15)*(1+bdMacroeconomicos!$B$16)*(1+bdMacroeconomicos!$B$17)*(1+bdMacroeconomicos!$B$18)*(1+bdMacroeconomicos!$B$19),-2) -> 1982100 | F73: =D73*$E$46 -> 525271500
A74: Igual o superior a 300 SMMV e inferior a 400 SMMV | B74: 1235691 | D74: 400 | E74: =ROUND(B74*(1+bdMacroeconomicos!$B$4)*(1+bdMacroeconomicos!$B$5)*(1+bdMacroeconomicos!$B$6)*(1+bdMacroeconomicos!$B$7)*(1+bdMacroeconomicos!$B$8)*(1+bdMacroeconomicos!$B$9)*(1+bdMacroeconomicos!$B$10)*(1+bdMacroeconomicos!$B$11)*(1+bdMacroeconomicos!$B$12)*(1+bdMacroeconomicos!$B$13)*(1+bdMacroeconomicos!$B$14)*(1+bdMacroeconomicos!$B$15)*(1+bdMacroeconomicos!$B$16)*(1+bdMacroeconomicos!$B$17)*(1+bdMacroeconomicos!$B$18)*(1+bdMacroeconomicos!$B$19),-2) -> 2643100 | F74: =D74*$E$46 -> 700362000
A75: Igual o superior a 400 SMMV e inferior a 500 SMMV | B75: 1544691 | D75: 500 | E75: =ROUND(B75*(1+bdMacroeconomicos!$B$4)*(1+bdMacroeconomicos!$B$5)*(1+bdMacroeconomicos!$B$6)*(1+bdMacroeconomicos!$B$7)*(1+bdMacroeconomicos!$B$8)*(1+bdMacroeconomicos!$B$9)*(1+bdMacroeconomicos!$B$10)*(1+bdMacroeconomicos!$B$11)*(1+bdMacroeconomicos!$B$12)*(1+bdMacroeconomicos!$B$13)*(1+bdMacroeconomicos!$B$14)*(1+bdMacroeconomicos!$B$15)*(1+bdMacroeconomicos!$B$16)*(1+bdMacroeconomicos!$B$17)*(1+bdMacroeconomicos!$B$18)*(1+bdMacroeconomicos!$B$19),-2) -> 3304000 | F75: =D75*$E$46 -> 875452500
A76: Igual o superior a 500 SMMV e inferior a 700 SMMV | B76: 2162691 | D76: 700 | E76: =ROUND(B76*(1+bdMacroeconomicos!$B$4)*(1+bdMacroeconomicos!$B$5)*(1+bdMacroeconomicos!$B$6)*(1+bdMacroeconomicos!$B$7)*(1+bdMacroeconomicos!$B$8)*(1+bdMacroeconomicos!$B$9)*(1+bdMacroeconomicos!$B$10)*(1+bdMacroeconomicos!$B$11)*(1+bdMacroeconomicos!$B$12)*(1+bdMacroeconomicos!$B$13)*(1+bdMacroeconomicos!$B$14)*(1+bdMacroeconomicos!$B$15)*(1+bdMacroeconomicos!$B$16)*(1+bdMacroeconomicos!$B$17)*(1+bdMacroeconomicos!$B$18)*(1+bdMacroeconomicos!$B$19),-2) -> 4625800 | F76: =D76*$E$46 -> 1225633500
A77: Igual o superior a 700 SMMV e inferior a 900 SMMV | B77: 2780691 | D77: 900 | E77: =ROUND(B77*(1+bdMacroeconomicos!$B$4)*(1+bdMacroeconomicos!$B$5)*(1+bdMacroeconomicos!$B$6)*(1+bdMacroeconomicos!$B$7)*(1+bdMacroeconomicos!$B$8)*(1+bdMacroeconomicos!$B$9)*(1+bdMacroeconomicos!$B$10)*(1+bdMacroeconomicos!$B$11)*(1+bdMacroeconomicos!$B$12)*(1+bdMacroeconomicos!$B$13)*(1+bdMacroeconomicos!$B$14)*(1+bdMacroeconomicos!$B$15)*(1+bdMacroeconomicos!$B$16)*(1+bdMacroeconomicos!$B$17)*(1+bdMacroeconomicos!$B$18)*(1+bdMacroeconomicos!$B$19),-2) -> 5947700 | F77: =D77*$E$46 -> 1575814500
A78: Igual o superior a 900 SMMV e inferior a 1500 SMMV | B78: 4634691 | D78: 1500 | E78: =ROUND(B78*(1+bdMacroeconomicos!$B$4)*(1+bdMacroeconomicos!$B$5)*(1+bdMacroeconomicos!$B$6)*(1+bdMacroeconomicos!$B$7)*(1+bdMacroeconomicos!$B$8)*(1+bdMacroeconomicos!$B$9)*(1+bdMacroeconomicos!$B$10)*(1+bdMacroeconomicos!$B$11)*(1+bdMacroeconomicos!$B$12)*(1+bdMacroeconomicos!$B$13)*(1+bdMacroeconomicos!$B$14)*(1+bdMacroeconomicos!$B$15)*(1+bdMacroeconomicos!$B$16)*(1+bdMacroeconomicos!$B$17)*(1+bdMacroeconomicos!$B$18)*(1+bdMacroeconomicos!$B$19),-2) -> 9913300 | F78: =D78*$E$46 -> 2626357500
A79: Igual o superior a 1500 SMMV e inferior a 2115 SMMV | B79: 6535041 | D79: 2115 | E79: =ROUND(B79*(1+bdMacroeconomicos!$B$4)*(1+bdMacroeconomicos!$B$5)*(1+bdMacroeconomicos!$B$6)*(1+bdMacroeconomicos!$B$7)*(1+bdMacroeconomicos!$B$8)*(1+bdMacroeconomicos!$B$9)*(1+bdMacroeconomicos!$B$10)*(1+bdMacroeconomicos!$B$11)*(1+bdMacroeconomicos!$B$12)*(1+bdMacroeconomicos!$B$13)*(1+bdMacroeconomicos!$B$14)*(1+bdMacroeconomicos!$B$15)*(1+bdMacroeconomicos!$B$16)*(1+bdMacroeconomicos!$B$17)*(1+bdMacroeconomicos!$B$18)*(1+bdMacroeconomicos!$B$19),-2) -> 13978000 | F79: =D79*$E$46 -> 3703164075
A80: Fuente: Resolución 1280 de 2010 Ministerio de Ambiente, Vivienda y Desarrollo Territorial
A82: Tabla 3: TARIFA PARA PROYECTOS QUE TENGAN UN VALOR IGUAL O SUPERIOR A LOS 2.115 SMMV
A83: Dos mil ciento quince (2.115) SMMV | C83: 2115 | D83: 0.6 | E83: 0.006 | F83: =C83*$E$46 -> 3703164075 | G83: =+F83*E83 -> 22218984
A84: Valor superior a dos mil ciento quince (2.115) SMMV e inferior a ocho mil cuatrocientos cincuenta y ocho (8.458) SMMV | C84: 8458 | D84: 0.5 | E84: 0.005 | F84: =C84*$E$46 -> 14809154490 | G84: =+F84*E84 -> 74045772
A85: Valor superior a ocho mil cuatrocientos cincuenta y ocho (8.458) salarios mínimos mensuales vigentes | C85: 8458 | D85: 0.4 | E85: 0.004 | F85: =C85*$E$46 -> 14809154490 | G85: =+F85*E85 -> 59236618
A87: Tipos de Trámite
A88: Actividades relacionadas con la gestión ambiental integral de equipos y desechos que consisten, contienen o están contaminados con Bifenilos Policlorados (PCB).
A89: Actividades relacionadas con la gestión de los aceites de cocina usados.
A90: Autorizacion de Zona de Depositos de Materiales
A91: Autorizaciones para CAVR1 y Amigos de la fauna.
A92: Certificación ambiental para la desintegración vehicular.
A93: Certificación en materia de revisión de gases -centros de diagnóstico automotor - CDA.
A94: Certificación minero numeral 1.3.1. orden tercera de la sentencia No. 250002341000201302455901
A95: Certificación para la deducción por inversiones en control y mejoramiento del medio ambiente. Reguladas por el Decreto 3172 de 2003
A96: Certificados que requieran análisis cartográfico y/o visita técnica
A97: Concesión de aguas superficiales
A98: Concesión de aguas subterráneas.
... A140: Renovación

Sheet Instructivo
C1: TABLA UNICA PARA LA LIQUIDACIÓN DE LA TARIFA
C2: R-FC-88
C3: 01
B4: Instructivo para diligenciar el formato R-FC-88: Tabla Única Para la Liquidación de la Tarifa
A7: Paso 1 | B7: IDENTIFICACIÓN DEL USUARIO | C7: Ingresa los datos del usuario, tipo y número de permiso, fecha y objeto de solicitud en el encabezado de la TABLA UNICA PARA LA LIQUIDACIÓN DE LA TARIFA.
B9: IDENTIFICACIÓN DEL COSTO.
B10: Art. 96 de la ley 0633 de 2000 y Resolución 1280 de 2010
A11: Paso 2 | B11: a. El valor total de los honorarios de los profesionales requeridos para la realización de la tarea propuesta; | C11: Profesionales o contratistas: Se debe estimar el personal requerido para el permiso . Una vez estimados se define la cantidad y dedicación (días) que tendrán para realizan este tipo de labor, así: a) Cantidad: Escoge de la lista desplegable (columna "A") la "Categoría de(los) profesional(es) o contratista(s)" que debe participar en evaluación o seguimiento, luego se escoge la especialidad a la que corresponde el (los) profesional(es) o contratista(s) (columna "B"), a continuación se escoge grado al que corresponde (columna "C") y por último se define el número de profesional(es) o contratista(s) en la columna "D". El modelo selecciona en la columna "E" las asignaciones salariales respectivas. b) Dedicación: Se ingresa en la columna "I" la cantidad de días que emplean el(os) profesional(es) para ejecutar las tareas asignadas. el modelo calcula en la columna "M" el valor total de los honorarios de los profesionales requeridos para la realización de la tarea propuesta Se adicionan tantas líneas como tipo de profesionales diferentes se requieran.
A12: Paso 3 | B12: b. El valor total de los viáticos y gastos de viaje de los profesionales que se ocasionen para el estudio, la expedición, el seguimiento y/o el monitoreo de la licencia ambiental, permisos, concesiones o autorizaciones y demás instrumentos de control y manejo ambiental establecidos en la Ley y los reglamentos. | C12: Viáticos: Para calcular estos costos, se selecciona la fila donde se encuentra el tipo de profesional o contratistas que debe realizar visita de campo, en la columna "G" se digita el número de visitas a realizar y en la columna "H" la duración (días) de cada visita, para este cálculo la columna "L" debe quedar en blanco o llenar con cero (0) si la duración de la visita es menor a un día. Se repite el proceso por cada profesional o contratista que debe realizar visita de campo. Una vez se ingresada esta información se calculará, en la columna "M", el valor total de los honorarios de los profesionales requeridos para la realización de la tarea propuesta. Gastos de viaje: sobre el estimativo de visitas a la zona del proyecto se calculará el monto de los gastos de viaje necesarios, valor del transporte de la lista de tarifas D-FC-01. El valor por concepto de gastos de viaje se debe ingresar o calcular en la celda "M43".
A13: Paso 4 | B13: c. El valor total de los análisis de laboratorio u otros estudios y diseños técnicos que sean requeridos tanto para la evaluación como para el seguimiento. | C13: Si el trámite de evaluación o seguimiento requiere análisis de laboratorio u otros estudios y diseños técnicos, estos se cobrarán conforme a las tarifas vigentes fijadas en el “D-FC-01 LISTA DE TARIFA DE SERVICIOS” o a valor de referencia del mercado. Dichos valores se deben digitar en la celda "M44".
A15: Paso 5 | B15: Costo de la evaluación o seguimiento, que se obtiene con Tabla 1: | C15: Una vez ingresado todos los conceptos de costos requeridos en el proceso de evaluación o seguimiento, se obtiene el costo del trámite, cuya cifra se ubica en la celda "M48"
B18: LIQUIDACIÓN POR EL VALOR DEL PROYECTO
A19: Paso 6 | B19: Valor del Proyecto | C19: Ingresar el valor del proyecto reportado por el usuario en la celda "E43": Ver resolución 100-03-10-99-0001-2026 ARTÍCULO 10°. El sujeto pasivo de la obligación deberá suministrar el valor del proyecto, obra o actividad, actualizado en pesos colombianos (COP$), de manera veraz y ajustada a las condiciones reales del mismo. (Incluyendo Costos de Inversión y Costos de Operación durante la vigencia)
A20: Paso 7 | B20: Proyectos menores a 2115 SMMV. Se aplica lo establecido en Resolución 1280 de 2010, Artículo 1°. Establecer la siguiente escala tarifaría para el cobro de los servicios de evaluación y seguimiento de las licencias ambientales, permisos, concesiones, autorizaciones y demás instrumentos de manejo y control ambiental que deban tramitar las Corporaciones Autónomas Regionales, las de Desarrollo Sostenible, los Grandes Centros Urbanos y las autoridades ambientales creadas mediante la Ley 768 de 2002, para proyectos, obras o actividades cuyo valor sea inferior a 2.115 salarios mínimos mensuales (smmv): ver tabla 2. | C20: A) La TABLA UNICA PARA LA LIQUIDACIÓN DE LA TARIFA calcula el valor del costo del servicio con base al valor del proyecto ingresado y busca el valor máximo a cobrar, dicho resultado lo ubica en la celda "E48", automáticamente busca el menor valor entre el costo de la celda "E48" y "E48", el menor valor resultante es asignado a la celda "J50", Finalmente se ingresa en celda "M49" el valor de cualquier otro gasto no contemplado y que se puede buscar en la “D-FC-01 LISTA DE TARIFA DE SERVICIOS”, este valor se suma a la celda "J50" y se obtiene el TOTAL A PAGAR.
B21: Proyectos mayores a 2115 SMMV. Las tarifas que se cobran por concepto de la prestación de los servicios de evaluación y de los servicios de seguimiento ambiental, según sea el caso, no podrán exceder los siguientes topes: 1. Aquellos que tengan un valor de dos mil ciento quince (2.115) salarios mínimos mensuales vigentes, tendrán una tarifa máxima del cero punto seis por ciento (0.6%). 2. Aquellos que tengan un valor superior a los dos mil ciento quince (2.115) salarios mínimos mensuales vigentes e inferior a los ocho mil cuatrocientos cincuenta y ocho (8.458) salarios mínimos mensuales vigentes tendrán una tarifa máxima del cero punto cinco por ciento (0.5%). 3. Aquellos que tengan un valor superior a los ocho mil cuatrocientos cincuenta y ocho (8.458) salarios mínimos mensuales vigentes, tendrá una tarifa máxima del cero punto cuatro por ciento (0.4%). | C21: o B) La TABLA UNICA PARA LA LIQUIDACIÓN DE LA TARIFA verifica si valor de proyecto es superior o igual a 2.115 SMMV, si lo es, compara con los SMMV de la Tabla 3 y escoge la escala (0.6%, 0.5%, 0.4%) que le corresponda, este resultado lo ubica en "E48", luego se busca el menor valor entre el costo de la celda "E48" y "E48", el menor valor resultante es llevado a celda "J49", Finalmente se ingresa en celda "M49" el valor de las publicaciones de acuerdo a tarifa fijada en “D-FC-01 LISTA DE TARIFA DE SERVICIOS”, este valor se suma a la celda "J50" y se obtiene el TOTAL A PAGAR.
A22: Nota | B22: Tramites que no requieren reportar valor del proyecto | C22: Para estos tramites solo se ralizan los pasos 1 y 5, el valor resultante será el que se cobre al Usuario. Mas los otros gastos que implique el tramite.
B25: NOTA: Cada año se debe actualizar los valores de honorarios y viaticos de los funcionarios vigentes , igualmente registrar el IPC y salario minimo vigente.

Sheet CALCULO TARIFA FINAL
A1: CALCULO DE LA TARIFA DE EVALUACIÓN Y SEGUIMIENTO - CORPOURABÁ
A2: TARIFA POR CONCEPTO DE PRESTACIÓN DE SERVICIOS DE EVALUACIÓN Y SERVICIOS DE SEGUIMIENTO AMBIENTAL (CONSIDERANDO TOPES) | K2: =ROUND(SMALL($J$17:$J$18,1),2) -> 1682400
A4: CALCULO DE LA TARIFA POR PROYECTO | K4: TARIFA X VR. PROYECTO
A5: VALOR DEL PROYECTO | H5: SMMV | I5: =J5/bdMacroeconomicos!$C$12 -> 320.00328 | J5: =IF('VALOR DEL PROYECTO'!B1<(2114*bdMacroeconomicos!C12),'VALOR DEL PROYECTO'!B1,0) -> 250000000 | K5: =+IF($I$5<25,$C$31,IF($I$5<35,$C$32,IF($I$5<50,$C$33,IF($I$5<70,$C$34,IF($I$5<100,$C$35,IF($I$5<200,$C$36,IF($I$5<300,$C$37,IF($I$5<400,$C$38,IF($I$5<500,$C$39,IF($I$5<700,$C$40,IF($I$5<900,$C$41,IF($I$5<1500,$C$42,IF($I$5<2115,$C$43,0))))))))))))) -> 1682400
A7: CALCULO DE LA TARIFA DE EVALUACIÓN Y SEGUIMIENTO POR: HONORARIOS + VIATICOS + GASTOS DE VIAJES
A8: ELIJA EL TRAMITE: | C8: Diagnóstico Ambiental de Alternativas | J8: Costos
A10: A. HONORARIOS | J10: =ROUND(SUMIFS(Calculos!$K$3:$K$162,Calculos!$A$3:$A$162,'CALCULO TARIFA FINAL'!C8),-2) -> 18363700
A11: B. VIÁTICOS Y GASTOS DE VIAJE | J11: =SUM(J12:J13) -> 1975100
A12: B.1 VIÁTICOS | J12: =ROUND(SUMIFS(Calculos!$N$3:$N$162,Calculos!$A$3:$A$162,'CALCULO TARIFA FINAL'!C8),-2) -> 1681000
A13: B.2 GASTOS DE VIAJES | J13: =ROUND(TarifasTransporte!K11,-2) -> 294100
A14: C. OTROS: ANALISIS LAB. Y ESTUDIOS | J14: =ROUND(Tarifaslab!M2,-2) -> 0
A15: COSTO DEL SERVICIO (A+B+C) | J15: =J10+J11+J14 -> 20338800
A16: Gasto de Administración (25%) | J16: =ROUND(J15*0.25,-2) -> 5084700
A17: COSTO TOTAL DEL SERVICIO INCLUIDO LOS GASTOS DE ADMINISTRACIÓN: | J17: =J15+J16 -> 25423500
A18: COSTO DE ACUERDO A CALCULO SOBRE EL PROYECTO | J18: =K5 -> 1682400
A19: Cifras aproximadas a centenas
A20: Fuente: Resolución 0006358 de 2013 Ministerio de Transporte (Honorarios), Resolución 2613 del 29 de diciembre de 2009 del MAVDT (costo administración 25%)
I22: Valor total del proyecto
A23: TARIFA PARA PROYECTOS QUE TENGAN UN VALOR IGUAL O SUPERIOR A LOS 2.115 SMMV | H23: Máximo | I23: =$J$23/bdMacroeconomicos!$C$12 -> 15168.155 | J23: ='VALOR DEL PROYECTO'!B1+11600000000 -> 11850000000
A24: Dos mil ciento quince (2.115) SMMV | H24: 0.006 | J24: =IF($I$23=2115,J23*(1+H24),0) -> 0
A25: Valor superior a dos mil ciento quince (2.115) SMMV e inferior a ocho mil cuatrocientos cincuenta y ocho (8.458) SMMV | H25: 0.005 | J25: =IF(AND(I23>2115,I23<8458),J23*$H$25,0) -> 0
A26: Valor superior a ocho mil cuatrocientos cincuenta y ocho (8.458) salarios mínimos mensuales vigentes | H26: 0.004 | J26: =IF(AND(I23>=8458),J23*$H$26,0) -> 47400000
A30: Valor proyecto | B30: Tarifa máxima 2010 | C30: Tarifa máxima 2017
A31: Menores a 25 SMMV | B31: 76941 | C31: =ROUND(B31*(1+bdMacroeconomicos!$B$4)*(1+bdMacroeconomicos!$B$5)*(1+bdMacroeconomicos!$B$6)*(1+bdMacroeconomicos!$B$7)*(1+bdMacroeconomicos!$B$8)*(1+bdMacroeconomicos!$B$9)*(1+bdMacroeconomicos!$B$10)*(1+bdMacroeconomicos!$B$11),-2) -> 104800
A32: Igual o superior a 25 SMMV e inferior a 35 SMMV | B32: 107841 | C32: =ROUND(B32*(1+bdMacroeconomicos!$B$4)*(1+bdMacroeconomicos!$B$5)*(1+bdMacroeconomicos!$B$6)*(1+bdMacroeconomicos!$B$7)*(1+bdMacroeconomicos!$B$8)*(1+bdMacroeconomicos!$B$9)*(1+bdMacroeconomicos!$B$10)*(1+bdMacroeconomicos!$B$11),-2) -> 146800
A33: Igual o superior a 35 SMMV e inferior a 50 SMMV | B33: 154191 | C33: =ROUND(B33*(1+bdMacroeconomicos!$B$4)*(1+bdMacroeconomicos!$B$5)*(1+bdMacroeconomicos!$B$6)*(1+bdMacroeconomicos!$B$7)*(1+bdMacroeconomicos!$B$8)*(1+bdMacroeconomicos!$B$9)*(1+bdMacroeconomicos!$B$10)*(1+bdMacroeconomicos!$B$11),-2) -> 209900
A34: Igual o superior a 50 SMMV e inferior a 70 SMMV | B34: 215991 | C34: =ROUND(B34*(1+bdMacroeconomicos!$B$4)*(1+bdMacroeconomicos!$B$5)*(1+bdMacroeconomicos!$B$6)*(1+bdMacroeconomicos!$B$7)*(1+bdMacroeconomicos!$B$8)*(1+bdMacroeconomicos!$B$9)*(1+bdMacroeconomicos!$B$10)*(1+bdMacroeconomicos!$B$11),-2) -> 294100
A35: Igual o superior a 70 SMMV e inferior a 100 SMMV | B35: 308691 | C35: =ROUND(B35*(1+bdMacroeconomicos!$B$4)*(1+bdMacroeconomicos!$B$5)*(1+bdMacroeconomicos!$B$6)*(1+bdMacroeconomicos!$B$7)*(1+bdMacroeconomicos!$B$8)*(1+bdMacroeconomicos!$B$9)*(1+bdMacroeconomicos!$B$10)*(1+bdMacroeconomicos!$B$11),-2) -> 420300
A36: Igual o superior a 100 SMMV e inferior a 200 SMMV | B36: 617691 | C36: =ROUND(B36*(1+bdMacroeconomicos!$B$4)*(1+bdMacroeconomicos!$B$5)*(1+bdMacroeconomicos!$B$6)*(1+bdMacroeconomicos!$B$7)*(1+bdMacroeconomicos!$B$8)*(1+bdMacroeconomicos!$B$9)*(1+bdMacroeconomicos!$B$10)*(1+bdMacroeconomicos!$B$11),-2) -> 841000
A37: Igual o superior a 200 SMMV e inferior a 300 SMMV | B37: 926691 | C37: =ROUND(B37*(1+bdMacroeconomicos!$B$4)*(1+bdMacroeconomicos!$B$5)*(1+bdMacroeconomicos!$B$6)*(1+bdMacroeconomicos!$B$7)*(1+bdMacroeconomicos!$B$8)*(1+bdMacroeconomicos!$B$9)*(1+bdMacroeconomicos!$B$10)*(1+bdMacroeconomicos!$B$11),-2) -> 1261700
A38: Igual o superior a 300 SMMV e inferior a 400 SMMV | B38: 1235691 | C38: =ROUND(B38*(1+bdMacroeconomicos!$B$4)*(1+bdMacroeconomicos!$B$5)*(1+bdMacroeconomicos!$B$6)*(1+bdMacroeconomicos!$B$7)*(1+bdMacroeconomicos!$B$8)*(1+bdMacroeconomicos!$B$9)*(1+bdMacroeconomicos!$B$10)*(1+bdMacroeconomicos!$B$11),-2) -> 1682400
A39: Igual o superior a 400 SMMV e inferior a 500 SMMV | B39: 1544691 | C39: =ROUND(B39*(1+bdMacroeconomicos!$B$4)*(1+bdMacroeconomicos!$B$5)*(1+bdMacroeconomicos!$B$6)*(1+bdMacroeconomicos!$B$7)*(1+bdMacroeconomicos!$B$8)*(1+bdMacroeconomicos!$B$9)*(1+bdMacroeconomicos!$B$10)*(1+bdMacroeconomicos!$B$11),-2) -> 2103100
A40: Igual o superior a 500 SMMV e inferior a 700 SMMV | B40: 2162691 | C40: =ROUND(B40*(1+bdMacroeconomicos!$B$4)*(1+bdMacroeconomicos!$B$5)*(1+bdMacroeconomicos!$B$6)*(1+bdMacroeconomicos!$B$7)*(1+bdMacroeconomicos!$B$8)*(1+bdMacroeconomicos!$B$9)*(1+bdMacroeconomicos!$B$10)*(1+bdMacroeconomicos!$B$11),-2) -> 2944500
A41: Igual o superior a 700 SMMV e inferior a 900 SMMV | B41: 2780691 | C41: =ROUND(B41*(1+bdMacroeconomicos!$B$4)*(1+bdMacroeconomicos!$B$5)*(1+bdMacroeconomicos!$B$6)*(1+bdMacroeconomicos!$B$7)*(1+bdMacroeconomicos!$B$8)*(1+bdMacroeconomicos!$B$9)*(1+bdMacroeconomicos!$B$10)*(1+bdMacroeconomicos!$B$11),-2) -> 3785900
A42: Igual o superior a 900 SMMV e inferior a 1500 SMMV | B42: 4634691 | C42: =ROUND(B42*(1+bdMacroeconomicos!$B$4)*(1+bdMacroeconomicos!$B$5)*(1+bdMacroeconomicos!$B$6)*(1+bdMacroeconomicos!$B$7)*(1+bdMacroeconomicos!$B$8)*(1+bdMacroeconomicos!$B$9)*(1+bdMacroeconomicos!$B$10)*(1+bdMacroeconomicos!$B$11),-2) -> 6310200
A43: Igual o superior a 1500 SMMV e inferior a 2115 SMMV | B43: 6535041 | C43: =ROUND(B43*(1+bdMacroeconomicos!$B$4)*(1+bdMacroeconomicos!$B$5)*(1+bdMacroeconomicos!$B$6)*(1+bdMacroeconomicos!$B$7)*(1+bdMacroeconomicos!$B$8)*(1+bdMacroeconomicos!$B$9)*(1+bdMacroeconomicos!$B$10)*(1+bdMacroeconomicos!$B$11),-2) -> 8897500
A44: Fuente: Resolución 1280 de 2010 Ministerio de Ambiente, Vivienda y Desarrollo Territorial

Sheet Calculos
A1: Nota: Los profesionales incluyen los de la fase de evaluación y seguimiento
A2: PROCEDIMIENTO | B2: PROFESIONALES | C2: No. de profesionales | D2: No. de profesionales | E2: Honorario mensual | F2: Dedicación mensual (Hombre/mes) | G2: No. de visitas | H2: Duaración (días) | I2: Total No. de días | J2: Total Honorarios por Profesional | K2: TOTAL HONORARIO | L2: Viaticos diarios | M2: Total Viaticos por Profesional | N2: TOTAL VIATICOS | O2: Costo Total
A3: Diagnóstico Ambiental de Alternativas | B3: PROFESIONAL ESPECIALIZADO GRADO 13 | C3: 1J | D3: 1 | E3: =IFERROR(VLOOKUP(B3,'Tabla Honorarios 2023'!$A$27:$H$60,7,0),0) -> 10270180 | F3: 0.25 | G3: 2 | H3: 1 | I3: =G3*H3 -> 2 | J3: =(E3*F3)*I3 -> 5135090.1 | K3: =SUM(J3:J12) -> 18363687 | L3: =SUMIFS(TablaViaticos2021!$D$6:$D$17,TablaViaticos2021!$A$6:$A$17,Calculos!B3) -> 456561 | M3: =I3*L3 -> 913122 | N3: =SUM(M3:M12) -> 1681045 | O3: =K3+N3 -> 20044732
B4: TECNICO ADMINISTRATIVO GRADO 14 | C4: 1A | D4: 2 | E4: =IFERROR(VLOOKUP(B4,'Tabla Honorarios 2023'!$A$27:$H$60,7,0),0) -> 4743615 | F4: 0.75 | G4: 1 | H4: 1 | I4: =G4*H4 -> 1 | J4: =(E4*F4)*I4 -> 3557711.3 | L4: =SUMIFS(TablaViaticos2021!$D$6:$D$17,TablaViaticos2021!$A$6:$A$17,Calculos!B4) -> 184753 | M4: =I4*L4 -> 184753
B5: OPERARIOS CALIFICADOS GRADO 15 | C5: 3F | D5: 1 | E5: =IFERROR(VLOOKUP(B5,'Tabla Honorarios 2023'!$A$27:$H$60,7,0),0) -> 3025474.3 | F5: 0.5 | G5: 1 | H5: 2 | I5: =G5*H5 -> 2 | J5: =(E5*F5)*I5 -> 3025474.3 | L5: =SUMIFS(TablaViaticos2021!$D$6:$D$17,TablaViaticos2021!$A$6:$A$17,Calculos!B5) -> 152268 | M5: =I5*L5 -> 304536
B6: PROFESIONAL UNIVERSITARIO GRADO 8 | C6: 3B | D6: 3 | E6: =IFERROR(VLOOKUP(B6,'Tabla Honorarios 2023'!$A$27:$H$60,7,0),0) -> 6645410.8 | F6: 1 | G6: 1 | H6: 1 | I6: =G6*H6 -> 1 | J6: =(E6*F6)*I6 -> 6645410.8 | L6: =SUMIFS(TablaViaticos2021!$D$6:$D$17,TablaViaticos2021!$A$6:$A$17,Calculos!B6) -> 278634 | M6: =I6*L6 -> 278634
C7: 1S | E7: =IFERROR(VLOOKUP(B7,'Tabla Honorarios 2023'!$A$27:$H$60,7,0),0) -> 0 | I7: =G7*H7 -> 0 | J7: =(E7*F7)*I7 -> 0 | L7: =SUMIFS(TablaViaticos2021!$D$6:$D$17,TablaViaticos2021!$A$6:$A$17,Calculos!B7) -> 0 | M7: =I7*L7 -> 0
E8: =IFERROR(VLOOKUP(B8,'Tabla Honorarios 2023'!$A$27:$H$60,7,0),0) -> 0 | I8: =G8*H8 -> 0 | J8: =(E8*F8)*I8 -> 0 | L8: =SUMIFS(TablaViaticos2021!$D$6:$D$17,TablaViaticos2021!$A$6:$A$17,Calculos!B8) -> 0 | M8: =I8*L8 -> 0
E9: =IFERROR(VLOOKUP(B9,'Tabla Honorarios 2023'!$A$27:$H$60,7,0),0) -> 0 | I9: =G9*H9 -> 0 | J9: =(E9*F9)*I9 -> 0 | L9: =SUMIFS(TablaViaticos2021!$D$6:$D$17,TablaViaticos2021!$A$6:$A$17,Calculos!B9) -> 0 | M9: =I9*L9 -> 0
E10: =IFERROR(VLOOKUP(B10,'Tabla Honorarios 2023'!$A$27:$H$60,7,0),0) -> 0 | I10: =G10*H10 -> 0 | J10: =(E10*F10)*I10 -> 0 | L10: =SUMIFS(TablaViaticos2021!$D$6:$D$17,TablaViaticos2021!$A$6:$A$17,Calculos!B10) -> 0 | M10: =I10*L10 -> 0
E11: =IFERROR(VLOOKUP(B11,'Tabla Honorarios 2023'!$A$27:$H$60,7,0),0) -> 0 | I11: =G11*H11 -> 0 | J11: =(E11*F11)*I11 -> 0 | L11: =SUMIFS(TablaViaticos2021!$D$6:$D$17,TablaViaticos2021!$A$6:$A$17,Calculos!B11) -> 0 | M11: =I11*L11 -> 0
E12: =IFERROR(VLOOKUP(B12,'Tabla Honorarios 2023'!$A$27:$H$60,7,0),0) -> 0 | I12: =G12*H12 -> 0 | J12: =(E12*F12)*I12 -> 0 | L12: =SUMIFS(TablaViaticos2021!$D$6:$D$17,TablaViaticos2021!$A$6:$A$17,Calculos!B12) -> 0 | M12: =I12*L12 -> 0
A13: Licencia ambiental | C13: 1J | E13: =IFERROR(VLOOKUP(B13,'Tabla Honorarios 2023'!$A$27:$H$60,7,0),0) -> 0 | I13: =G13*H13 -> 0 | J13: =(E13*F13)*I13 -> 0 | K13: =SUM(J13:J22) -> 0 | L13: =SUMIFS(TablaViaticos2021!$D$6:$D$17,TablaViaticos2021!$A$6:$A$17,Calculos!B13) -> 0 | M13: =I13*L13 -> 0 | N13: =SUM(M13:M22) -> 0 | O13: =K13+N13 -> 0
C14: 1A | E14: =IFERROR(VLOOKUP(B14,'Tabla Honorarios 2023'!$A$27:$H$60,7,0),0) -> 0 | I14: =G14*H14 -> 0 | J14: =(E14*F14)*I14 -> 0 | L14: =SUMIFS(TablaViaticos2021!$D$6:$D$17,TablaViaticos2021!$A$6:$A$17,Calculos!B14) -> 0 | M14: =I14*L14 -> 0
C15: 4F | E15: =IFERROR(VLOOKUP(B15,'Tabla Honorarios 2023'!$A$27:$H$60,7,0),0) -> 0 | I15: =G15*H15 -> 0 | J15: =(E15*F15)*I15 -> 0 | L15: =SUMIFS(TablaViaticos2021!$D$6:$D$17,TablaViaticos2021!$A$6:$A$17,Calculos!B15) -> 0 | M15: =I15*L15 -> 0
C16: 3B | E16: =IFERROR(VLOOKUP(B16,'Tabla Honorarios 2023'!$A$27:$H$60,7,0),0) -> 0 | I16: =G16*H16 -> 0 | J16: =(E16*F16)*I16 -> 0 | L16: =SUMIFS(TablaViaticos2021!$D$6:$D$17,TablaViaticos2021!$A$6:$A$17,Calculos!B16) -> 0 | M16: =I16*L16 -> 0
C17: 1S | E17: =IFERROR(VLOOKUP(B17,'Tabla Honorarios 2023'!$A$27:$H$60,7,0),0) -> 0 | I17: =G17*H17 -> 0 | J17: =(E17*F17)*I17 -> 0 | L17: =SUMIFS(TablaViaticos2021!$D$6:$D$17,TablaViaticos2021!$A$6:$A$17,Calculos!B17) -> 0 | M17: =I17*L17 -> 0
E18: =IFERROR(VLOOKUP(B18,'Tabla Honorarios 2023'!$A$27:$H$60,7,0),0) -> 0 | I18: =G18*H18 -> 0 | J18: =(E18*F18)*I18 -> 0 | L18: =SUMIFS(TablaViaticos2021!$D$6:$D$17,TablaViaticos2021!$A$6:$A$17,Calculos!B18) -> 0 | M18: =I18*L18 -> 0
E19: =IFERROR(VLOOKUP(B19,'Tabla Honorarios 2023'!$A$27:$H$60,7,0),0) -> 0 | I19: =G19*H19 -> 0 | J19: =(E19*F19)*I19 -> 0 | L19: =SUMIFS(TablaViaticos2021!$D$6:$D$17,TablaViaticos2021!$A$6:$A$17,Calculos!B19) -> 0 | M19: =I19*L19 -> 0
E20: =IFERROR(VLOOKUP(B20,'Tabla Honorarios 2023'!$A$27:$H$60,7,0),0) -> 0 | I20: =G20*H20 -> 0 | J20: =(E20*F20)*I20 -> 0 | L20: =SUMIFS(TablaViaticos2021!$D$6:$D$17,TablaViaticos2021!$A$6:$A$17,Calculos!B20) -> 0 | M20: =I20*L20 -> 0
E21: =IFERROR(VLOOKUP(B21,'Tabla Honorarios 2023'!$A$27:$H$60,7,0),0) -> 0 | I21: =G21*H21 -> 0 | J21: =(E21*F21)*I21 -> 0 | L21: =SUMIFS(TablaViaticos2021!$D$6:$D$17,TablaViaticos2021!$A$6:$A$17,Calculos!B21) -> 0 | M21: =I21*L21 -> 0
E22: =IFERROR(VLOOKUP(B22,'Tabla Honorarios 2023'!$A$27:$H$60,7,0),0) -> 0 | I22: =G22*H22 -> 0 | J22: =(E22*F22)*I22 -> 0 | L22: =SUMIFS(TablaViaticos2021!$D$6:$D$17,TablaViaticos2021!$A$6:$A$17,Calculos!B22) -> 0 | M22: =I22*L22 -> 0
A23: Plan de Manejo Ambiental (PMA) | C23: 1J | E23: =IFERROR(VLOOKUP(B23,'Tabla Honorarios 2023'!$A$27:$H$60,7,0),0) -> 0 | I23: =G23*H23 -> 0 | J23: =(E23*F23)*I23 -> 0 | K23: =SUM(J23:J32) -> 0 | L23: =SUMIFS(TablaViaticos2021!$D$6:$D$17,TablaViaticos2021!$A$6:$A$17,Calculos!B23) -> 0 | M23: =I23*L23 -> 0 | N23: =SUM(M23:M32) -> 0 | O23: =K23+N23 -> 0
C24: 1A | E24: =IFERROR(VLOOKUP(B24,'Tabla Honorarios 2023'!$A$27:$H$60,7,0),0) -> 0 | I24: =G24*H24 -> 0 | J24: =(E24*F24)*I24 -> 0 | L24: =SUMIFS(TablaViaticos2021!$D$6:$D$17,TablaViaticos2021!$A$6:$A$17,Calculos!B24) -> 0 | M24: =I24*L24 -> 0
C25: 3F | E25: =IFERROR(VLOOKUP(B25,'Tabla Honorarios 2023'!$A$27:$H$60,7,0),0) -> 0 | I25: =G25*H25 -> 0 | J25: =(E25*F25)*I25 -> 0 | L25: =SUMIFS(TablaViaticos2021!$D$6:$D$17,TablaViaticos2021!$A$6:$A$17,Calculos!B25) -> 0 | M25: =I25*L25 -> 0
C26: 2B | E26: =IFERROR(VLOOKUP(B26,'Tabla Honorarios 2023'!$A$27:$H$60,7,0),0) -> 0 | I26: =G26*H26 -> 0 | J26: =(E26*F26)*I26 -> 0 | L26: =SUMIFS(TablaViaticos2021!$D$6:$D$17,TablaViaticos2021!$A$6:$A$17,Calculos!B26) -> 0 | M26: =I26*L26 -> 0
C27: 1S | E27: =IFERROR(VLOOKUP(B27,'Tabla Honorarios 2023'!$A$27:$H$60,7,0),0) -> 0 | I27: =G27*H27 -> 0 | J27: =(E27*F27)*I27 -> 0 | L27: =SUMIFS(TablaViaticos2021!$D$6:$D$17,TablaViaticos2021!$A$6:$A$17,Calculos!B27) -> 0 | M27: =I27*L27 -> 0
E28: =IFERROR(VLOOKUP(B28,'Tabla Honorarios 2023'!$A$27:$H$60,7,0),0) -> 0 | I28: =G28*H28 -> 0 | J28: =(E28*F28)*I28 -> 0 | L28: =SUMIFS(TablaViaticos2021!$D$6:$D$17,TablaViaticos2021!$A$6:$A$17,Calculos!B28) -> 0 | M28: =I28*L28 -> 0
E29: =IFERROR(VLOOKUP(B29,'Tabla Honorarios 2023'!$A$27:$H$60,7,0),0) -> 0 | I29: =G29*H29 -> 0 | J29: =(E29*F29)*I29 -> 0 | L29: =SUMIFS(TablaViaticos2021!$D$6:$D$17,TablaViaticos2021!$A$6:$A$17,Calculos!B29) -> 0 | M29: =I29*L29 -> 0
E30: =IFERROR(VLOOKUP(B30,'Tabla Honorarios 2023'!$A$27:$H$60,7,0),0) -> 0 | I30: =G30*H30 -> 0 | J30: =(E30*F30)*I30 -> 0 | L30: =SUMIFS(TablaViaticos2021!$D$6:$D$17,TablaViaticos2021!$A$6:$A$17,Calculos!B30) -> 0 | M30: =I30*L30 -> 0
E31: =IFERROR(VLOOKUP(B31,'Tabla Honorarios 2023'!$A$27:$H$60,7,0),0) -> 0 | I31: =G31*H31 -> 0 | J31: =(E31*F31)*I31 -> 0 | L31: =SUMIFS(TablaViaticos2021!$D$6:$D$17,TablaViaticos2021!$A$6:$A$17,Calculos!B31) -> 0 | M31: =I31*L31 -> 0
E32: =IFERROR(VLOOKUP(B32,'Tabla Honorarios 2023'!$A$27:$H$60,7,0),0) -> 0 | I32: =G32*H32 -> 0 | J32: =(E32*F32)*I32 -> 0 | L32: =SUMIFS(TablaViaticos2021!$D$6:$D$17,TablaViaticos2021!$A$6:$A$17,Calculos!B32) -> 0 | M32: =I32*L32 -> 0
A33: Permiso de exploración de aguas subterráneas | C33: 1J | D33: 3 visitas | E33: =IFERROR(VLOOKUP(B33,'Tabla Honorarios 2023'!$A$27:$H$60,7,0),0) -> 0 | I33: =G33*H33 -> 0 | J33: =(E33*F33)*I33 -> 0 | K33: =SUM(J33:J42) -> 0 | L33: =SUMIFS(TablaViaticos2021!$D$6:$D$17,TablaViaticos2021!$A$6:$A$17,Calculos!B33) -> 0 | M33: =I33*L33 -> 0 | N33: =SUM(M33:M42) -> 0 | O33: =K33+N33 -> 0
C34: 1A | E34: =IFERROR(VLOOKUP(B34,'Tabla Honorarios 2023'!$A$27:$H$60,7,0),0) -> 0 | I34: =G34*H34 -> 0 | J34: =(E34*F34)*I34 -> 0 | L34: =SUMIFS(TablaViaticos2021!$D$6:$D$17,TablaViaticos2021!$A$6:$A$17,Calculos!B34) -> 0 | M34: =I34*L34 -> 0
C35: 2F | E35: =IFERROR(VLOOKUP(B35,'Tabla Honorarios 2023'!$A$27:$H$60,7,0),0) -> 0 | I35: =G35*H35 -> 0 | J35: =(E35*F35)*I35 -> 0 | L35: =SUMIFS(TablaViaticos2021!$D$6:$D$17,TablaViaticos2021!$A$6:$A$17,Calculos!B35) -> 0 | M35: =I35*L35 -> 0
E36: =IFERROR(VLOOKUP(B36,'Tabla Honorarios 2023'!$A$27:$H$60,7,0),0) -> 0 | I36: =G36*H36 -> 0 | J36: =(E36*F36)*I36 -> 0 | L36: =SUMIFS(TablaViaticos2021!$D$6:$D$17,TablaViaticos2021!$A$6:$A$17,Calculos!B36) -> 0 | M36: =I36*L36 -> 0
E37: =IFERROR(VLOOKUP(B37,'Tabla Honorarios 2023'!$A$27:$H$60,7,0),0) -> 0 | I37: =G37*H37 -> 0 | J37: =(E37*F37)*I37 -> 0 | L37: =SUMIFS(TablaViaticos2021!$D$6:$D$17,TablaViaticos2021!$A$6:$A$17,Calculos!B37) -> 0 | M37: =I37*L37 -> 0
E38: =IFERROR(VLOOKUP(B38,'Tabla Honorarios 2023'!$A$27:$H$60,7,0),0) -> 0 | I38: =G38*H38 -> 0 | J38: =(E38*F38)*I38 -> 0 | L38: =SUMIFS(TablaViaticos2021!$D$6:$D$17,TablaViaticos2021!$A$6:$A$17,Calculos!B38) -> 0 | M38: =I38*L38 -> 0
E39: =IFERROR(VLOOKUP(B39,'Tabla Honorarios 2023'!$A$27:$H$60,7,0),0) -> 0 | I39: =G39*H39 -> 0 | J39: =(E39*F39)*I39 -> 0 | L39: =SUMIFS(TablaViaticos2021!$D$6:$D$17,TablaViaticos2021!$A$6:$A$17,Calculos!B39) -> 0 | M39: =I39*L39 -> 0
E40: =IFERROR(VLOOKUP(B40,'Tabla Honorarios 2023'!$A$27:$H$60,7,0),0) -> 0 | I40: =G40*H40 -> 0 | J40: =(E40*F40)*I40 -> 0 | L40: =SUMIFS(TablaViaticos2021!$D$6:$D$17,TablaViaticos2021!$A$6:$A$17,Calculos!B40) -> 0 | M40: =I40*L40 -> 0
E41: =IFERROR(VLOOKUP(B41,'Tabla Honorarios 2023'!$A$27:$H$60,7,0),0) -> 0 | I41: =G41*H41 -> 0 | J41: =(E41*F41)*I41 -> 0 | L41: =SUMIFS(TablaViaticos2021!$D$6:$D$17,TablaViaticos2021!$A$6:$A$17,Calculos!B41) -> 0 | M41: =I41*L41 -> 0
E42: =IFERROR(VLOOKUP(B42,'Tabla Honorarios 2023'!$A$27:$H$60,7,0),0) -> 0 | I42: =G42*H42 -> 0 | J42: =(E42*F42)*I42 -> 0 | L42: =SUMIFS(TablaViaticos2021!$D$6:$D$17,TablaViaticos2021!$A$6:$A$17,Calculos!B42) -> 0 | M42: =I42*L42 -> 0
A43: Concesión de aguas subterráneas | C43: 1J | D43: 2 visitas | E43: =IFERROR(VLOOKUP(B43,'Tabla Honorarios 2023'!$A$27:$H$60,7,0),0) -> 0 | I43: =G43*H43 -> 0 | J43: =(E43*F43)*I43 -> 0 | K43: =SUM(J43:J52) -> 0 | L43: =SUMIFS(TablaViaticos2021!$D$6:$D$17,TablaViaticos2021!$A$6:$A$17,Calculos!B43) -> 0 | M43: =I43*L43 -> 0 | N43: =SUM(M43:M52) -> 0 | O43: =K43+N43 -> 0
C44: 1A | E44: =IFERROR(VLOOKUP(B44,'Tabla Honorarios 2023'!$A$27:$H$60,7,0),0) -> 0 | I44: =G44*H44 -> 0 | J44: =(E44*F44)*I44 -> 0 | L44: =SUMIFS(TablaViaticos2021!$D$6:$D$17,TablaViaticos2021!$A$6:$A$17,Calculos!B44) -> 0 | M44: =I44*L44 -> 0
C45: 2F | E45: =IFERROR(VLOOKUP(B45,'Tabla Honorarios 2023'!$A$27:$H$60,7,0),0) -> 0 | I45: =G45*H45 -> 0 | J45: =(E45*F45)*I45 -> 0 | L45: =SUMIFS(TablaViaticos2021!$D$6:$D$17,TablaViaticos2021!$A$6:$A$17,Calculos!B45) -> 0 | M45: =I45*L45 -> 0
E46: =IFERROR(VLOOKUP(B46,'Tabla Honorarios 2023'!$A$27:$H$60,7,0),0) -> 0 | I46: =G46*H46 -> 0 | J46: =(E46*F46)*I46 -> 0 | L46: =SUMIFS(TablaViaticos2021!$D$6:$D$17,TablaViaticos2021!$A$6:$A$17,Calculos!B46) -> 0 | M46: =I46*L46 -> 0
E47: =IFERROR(VLOOKUP(B47,'Tabla Honorarios 2023'!$A$27:$H$60,7,0),0) -> 0 | I47: =G47*H47 -> 0 | J47: =(E47*F47)*I47 -> 0 | L47: =SUMIFS(TablaViaticos2021!$D$6:$D$17,TablaViaticos2021!$A$6:$A$17,Calculos!B47) -> 0 | M47: =I47*L47 -> 0
E48: =IFERROR(VLOOKUP(B48,'Tabla Honorarios 2023'!$A$27:$H$60,7,0),0) -> 0 | I48: =G48*H48 -> 0 | J48: =(E48*F48)*I48 -> 0 | L48: =SUMIFS(TablaViaticos2021!$D$6:$D$17,TablaViaticos2021!$A$6:$A$17,Calculos!B48) -> 0 | M48: =I48*L48 -> 0
E49: =IFERROR(VLOOKUP(B49,'Tabla Honorarios 2023'!$A$27:$H$60,7,0),0) -> 0 | I49: =G49*H49 -> 0 | J49: =(E49*F49)*I49 -> 0 | L49: =SUMIFS(TablaViaticos2021!$D$6:$D$17,TablaViaticos2021!$A$6:$A$17,Calculos!B49) -> 0 | M49: =I49*L49 -> 0
E50: =IFERROR(VLOOKUP(B50,'Tabla Honorarios 2023'!$A$27:$H$60,7,0),0) -> 0 | I50: =G50*H50 -> 0 | J50: =(E50*F50)*I50 -> 0 | L50: =SUMIFS(TablaViaticos2021!$D$6:$D$17,TablaViaticos2021!$A$6:$A$17,Calculos!B50) -> 0 | M50: =I50*L50 -> 0
E51: =IFERROR(VLOOKUP(B51,'Tabla Honorarios 2023'!$A$27:$H$60,7,0),0) -> 0 | I51: =G51*H51 -> 0 | J51: =(E51*F51)*I51 -> 0 | L51: =SUMIFS(TablaViaticos2021!$D$6:$D$17,TablaViaticos2021!$A$6:$A$17,Calculos!B51) -> 0 | M51: =I51*L51 -> 0
E52: =IFERROR(VLOOKUP(B52,'Tabla Honorarios 2023'!$A$27:$H$60,7,0),0) -> 0 | I52: =G52*H52 -> 0 | J52: =(E52*F52)*I52 -> 0 | L52: =SUMIFS(TablaViaticos2021!$D$6:$D$17,TablaViaticos2021!$A$6:$A$17,Calculos!B52) -> 0 | M52: =I52*L52 -> 0
A53: Concesión de aguas superficiales | C53: 1J | E53: =IFERROR(VLOOKUP(B53,'Tabla Honorarios 2023'!$A$27:$H$60,7,0),0) -> 0 | I53: =G53*H53 -> 0 | J53: =(E53*F53)*I53 -> 0 | K53: =SUM(J53:J62) -> 0 | L53: =SUMIFS(TablaViaticos2021!$D$6:$D$17,TablaViaticos2021!$A$6:$A$17,Calculos!B53) -> 0 | M53: =I53*L53 -> 0 | N53: =SUM(M53:M62) -> 0 | O53: =K53+N53 -> 0
C54: 1A | E54: =IFERROR(VLOOKUP(B54,'Tabla Honorarios 2023'!$A$27:$H$60,7,0),0) -> 0 | I54: =G54*H54 -> 0 | J54: =(E54*F54)*I54 -> 0 | L54: =SUMIFS(TablaViaticos2021!$D$6:$D$17,TablaViaticos2021!$A$6:$A$17,Calculos!B54) -> 0 | M54: =I54*L54 -> 0
C55: 1F | E55: =IFERROR(VLOOKUP(B55,'Tabla Honorarios 2023'!$A$27:$H$60,7,0),0) -> 0 | I55: =G55*H55 -> 0 | J55: =(E55*F55)*I55 -> 0 | L55: =SUMIFS(TablaViaticos2021!$D$6:$D$17,TablaViaticos2021!$A$6:$A$17,Calculos!B55) -> 0 | M55: =I55*L55 -> 0
E56: =IFERROR(VLOOKUP(B56,'Tabla Honorarios 2023'!$A$27:$H$60,7,0),0) -> 0 | I56: =G56*H56 -> 0 | J56: =(E56*F56)*I56 -> 0 | L56: =SUMIFS(TablaViaticos2021!$D$6:$D$17,TablaViaticos2021!$A$6:$A$17,Calculos!B56) -> 0 | M56: =I56*L56 -> 0
E57: =IFERROR(VLOOKUP(B57,'Tabla Honorarios 2023'!$A$27:$H$60,7,0),0) -> 0 | I57: =G57*H57 -> 0 | J57: =(E57*F57)*I57 -> 0 | L57: =SUMIFS(TablaViaticos2021!$D$6:$D$17,TablaViaticos2021!$A$6:$A$17,Calculos!B57) -> 0 | M57: =I57*L57 -> 0
E58: =IFERROR(VLOOKUP(B58,'Tabla Honorarios 2023'!$A$27:$H$60,7,0),0) -> 0 | I58: =G58*H58 -> 0 | J58: =(E58*F58)*I58 -> 0 | L58: =SUMIFS(TablaViaticos2021!$D$6:$D$17,TablaViaticos2021!$A$6:$A$17,Calculos!B58) -> 0 | M58: =I58*L58 -> 0
E59: =IFERROR(VLOOKUP(B59,'Tabla Honorarios 2023'!$A$27:$H$60,7,0),0) -> 0 | I59: =G59*H59 -> 0 | J59: =(E59*F59)*I59 -> 0 | L59: =SUMIFS(TablaViaticos2021!$D$6:$D$17,TablaViaticos2021!$A$6:$A$17,Calculos!B59) -> 0 | M59: =I59*L59 -> 0
E60: =IFERROR(VLOOKUP(B60,'Tabla Honorarios 2023'!$A$27:$H$60,7,0),0) -> 0 | I60: =G60*H60 -> 0 | J60: =(E60*F60)*I60 -> 0 | L60: =SUMIFS(TablaViaticos2021!$D$6:$D$17,TablaViaticos2021!$A$6:$A$17,Calculos!B60) -> 0 | M60: =I60*L60 -> 0
E61: =IFERROR(VLOOKUP(B61,'Tabla Honorarios 2023'!$A$27:$H$60,7,0),0) -> 0 | I61: =G61*H61 -> 0 | J61: =(E61*F61)*I61 -> 0 | L61: =SUMIFS(TablaViaticos2021!$D$6:$D$17,TablaViaticos2021!$A$6:$A$17,Calculos!B61) -> 0 | M61: =I61*L61 -> 0
E62: =IFERROR(VLOOKUP(B62,'Tabla Honorarios 2023'!$A$27:$H$60,7,0),0) -> 0 | I62: =G62*H62 -> 0 | J62: =(E62*F62)*I62 -> 0 | L62: =SUMIFS(TablaViaticos2021!$D$6:$D$17,TablaViaticos2021!$A$6:$A$17,Calculos!B62) -> 0 | M62: =I62*L62 -> 0
A63: Permiso de vertimientos | C63: 1J | E63: =IFERROR(VLOOKUP(B63,'Tabla Honorarios 2023'!$A$27:$H$60,7,0),0) -> 0 | I63: =G63*H63 -> 0 | J63: =(E63*F63)*I63 -> 0 | K63: =SUM(J63:J72) -> 0 | L63: =SUMIFS(TablaViaticos2021!$D$6:$D$17,TablaViaticos2021!$A$6:$A$17,Calculos!B63) -> 0 | M63: =I63*L63 -> 0 | N63: =SUM(M63:M72) -> 0 | O63: =K63+N63 -> 0
C64: 1A | E64: =IFERROR(VLOOKUP(B64,'Tabla Honorarios 2023'!$A$27:$H$60,7,0),0) -> 0 | I64: =G64*H64 -> 0 | J64: =(E64*F64)*I64 -> 0 | L64: =SUMIFS(TablaViaticos2021!$D$6:$D$17,TablaViaticos2021!$A$6:$A$17,Calculos!B64) -> 0 | M64: =I64*L64 -> 0
C65: 2F | E65: =IFERROR(VLOOKUP(B65,'Tabla Honorarios 2023'!$A$27:$H$60,7,0),0) -> 0 | I65: =G65*H65 -> 0 | J65: =(E65*F65)*I65 -> 0 | L65: =SUMIFS(TablaViaticos2021!$D$6:$D$17,TablaViaticos2021!$A$6:$A$17,Calculos!B65) -> 0 | M65: =I65*L65 -> 0
E66: =IFERROR(VLOOKUP(B66,'Tabla Honorarios 2023'!$A$27:$H$60,7,0),0) -> 0 | I66: =G66*H66 -> 0 | J66: =(E66*F66)*I66 -> 0 | L66: =SUMIFS(TablaViaticos2021!$D$6:$D$17,TablaViaticos2021!$A$6:$A$17,Calculos!B66) -> 0 | M66: =I66*L66 -> 0
E67: =IFERROR(VLOOKUP(B67,'Tabla Honorarios 2023'!$A$27:$H$60,7,0),0) -> 0 | I67: =G67*H67 -> 0 | J67: =(E67*F67)*I67 -> 0 | L67: =SUMIFS(TablaViaticos2021!$D$6:$D$17,TablaViaticos2021!$A$6:$A$17,Calculos!B67) -> 0 | M67: =I67*L67 -> 0
E68: =IFERROR(VLOOKUP(B68,'Tabla Honorarios 2023'!$A$27:$H$60,7,0),0) -> 0 | I68: =G68*H68 -> 0 | J68: =(E68*F68)*I68 -> 0 | L68: =SUMIFS(TablaViaticos2021!$D$6:$D$17,TablaViaticos2021!$A$6:$A$17,Calculos!B68) -> 0 | M68: =I68*L68 -> 0
E69: =IFERROR(VLOOKUP(B69,'Tabla Honorarios 2023'!$A$27:$H$60,7,0),0) -> 0 | I69: =G69*H69 -> 0 | J69: =(E69*F69)*I69 -> 0 | L69: =SUMIFS(TablaViaticos2021!$D$6:$D$17,TablaViaticos2021!$A$6:$A$17,Calculos!B69) -> 0 | M69: =I69*L69 -> 0
E70: =IFERROR(VLOOKUP(B70,'Tabla Honorarios 2023'!$A$27:$H$60,7,0),0) -> 0 | I70: =G70*H70 -> 0 | J70: =(E70*F70)*I70 -> 0 | L70: =SUMIFS(TablaViaticos2021!$D$6:$D$17,TablaViaticos2021!$A$6:$A$17,Calculos!B70) -> 0 | M70: =I70*L70 -> 0
E71: =IFERROR(VLOOKUP(B71,'Tabla Honorarios 2023'!$A$27:$H$60,7,0),0) -> 0 | I71: =G71*H71 -> 0 | J71: =(E71*F71)*I71 -> 0 | L71: =SUMIFS(TablaViaticos2021!$D$6:$D$17,TablaViaticos2021!$A$6:$A$17,Calculos!B71) -> 0 | M71: =I71*L71 -> 0
E72: =IFERROR(VLOOKUP(B72,'Tabla Honorarios 2023'!$A$27:$H$60,7,0),0) -> 0 | I72: =G72*H72 -> 0 | J72: =(E72*F72)*I72 -> 0 | L72: =SUMIFS(TablaViaticos2021!$D$6:$D$17,TablaViaticos2021!$A$6:$A$17,Calculos!B72) -> 0 | M72: =I72*L72 -> 0
A73: Plan de Saneamiento y Manejo de Vertimientos (PSMV) | C73: 1J | E73: =IFERROR(VLOOKUP(B73,'Tabla Honorarios 2023'!$A$27:$H$60,7,0),0) -> 0 | I73: =G73*H73 -> 0 | J73: =(E73*F73)*I73 -> 0 | K73: =SUM(J73:J82) -> 0 | L73: =SUMIFS(TablaViaticos2021!$D$6:$D$17,TablaViaticos2021!$A$6:$A$17,Calculos!B73) -> 0 | M73: =I73*L73 -> 0 | N73: =SUM(M73:M82) -> 0 | O73: =K73+N73 -> 0
C74: 1A | E74: =IFERROR(VLOOKUP(B74,'Tabla Honorarios 2023'!$A$27:$H$60,7,0),0) -> 0 | I74: =G74*H74 -> 0 | J74: =(E74*F74)*I74 -> 0 | L74: =SUMIFS(TablaViaticos2021!$D$6:$D$17,TablaViaticos2021!$A$6:$A$17,Calculos!B74) -> 0 | M74: =I74*L74 -> 0
C75: 1F | E75: =IFERROR(VLOOKUP(B75,'Tabla Honorarios 2023'!$A$27:$H$60,7,0),0) -> 0 | I75: =G75*H75 -> 0 | J75: =(E75*F75)*I75 -> 0 | L75: =SUMIFS(TablaViaticos2021!$D$6:$D$17,TablaViaticos2021!$A$6:$A$17,Calculos!B75) -> 0 | M75: =I75*L75 -> 0
E76: =IFERROR(VLOOKUP(B76,'Tabla Honorarios 2023'!$A$27:$H$60,7,0),0) -> 0 | I76: =G76*H76 -> 0 | J76: =(E76*F76)*I76 -> 0 | L76: =SUMIFS(TablaViaticos2021!$D$6:$D$17,TablaViaticos2021!$A$6:$A$17,Calculos!B76) -> 0 | M76: =I76*L76 -> 0
E77: =IFERROR(VLOOKUP(B77,'Tabla Honorarios 2023'!$A$27:$H$60,7,0),0) -> 0 | I77: =G77*H77 -> 0 | J77: =(E77*F77)*I77 -> 0 | L77: =SUMIFS(TablaViaticos2021!$D$6:$D$17,TablaViaticos2021!$A$6:$A$17,Calculos!B77) -> 0 | M77: =I77*L77 -> 0
E78: =IFERROR(VLOOKUP(B78,'Tabla Honorarios 2023'!$A$27:$H$60,7,0),0) -> 0 | I78: =G78*H78 -> 0 | J78: =(E78*F78)*I78 -> 0 | L78: =SUMIFS(TablaViaticos2021!$D$6:$D$17,TablaViaticos2021!$A$6:$A$17,Calculos!B78) -> 0 | M78: =I78*L78 -> 0
E79: =IFERROR(VLOOKUP(B79,'Tabla Honorarios 2023'!$A$27:$H$60,7,0),0) -> 0 | I79: =G79*H79 -> 0 | J79: =(E79*F79)*I79 -> 0 | L79: =SUMIFS(TablaViaticos2021!$D$6:$D$17,TablaViaticos2021!$A$6:$A$17,Calculos!B79) -> 0 | M79: =I79*L79 -> 0
E80: =IFERROR(VLOOKUP(B80,'Tabla Honorarios 2023'!$A$27:$H$60,7,0),0) -> 0 | I80: =G80*H80 -> 0 | J80: =(E80*F80)*I80 -> 0 | L80: =SUMIFS(TablaViaticos2021!$D$6:$D$17,TablaViaticos2021!$A$6:$A$17,Calculos!B80) -> 0 | M80: =I80*L80 -> 0
E81: =IFERROR(VLOOKUP(B81,'Tabla Honorarios 2023'!$A$27:$H$60,7,0),0) -> 0 | I81: =G81*H81 -> 0 | J81: =(E81*F81)*I81 -> 0 | L81: =SUMIFS(TablaViaticos2021!$D$6:$D$17,TablaViaticos2021!$A$6:$A$17,Calculos!B81) -> 0 | M81: =I81*L81 -> 0
E82: =IFERROR(VLOOKUP(B82,'Tabla Honorarios 2023'!$A$27:$H$60,7,0),0) -> 0 | I82: =G82*H82 -> 0 | J82: =(E82*F82)*I82 -> 0 | L82: =SUMIFS(TablaViaticos2021!$D$6:$D$17,TablaViaticos2021!$A$6:$A$17,Calculos!B82) -> 0 | M82: =I82*L82 -> 0
A83: Autorización de ocupación de cauce | C83: 1J | E83: =IFERROR(VLOOKUP(B83,'Tabla Honorarios 2023'!$A$27:$H$60,7,0),0) -> 0 | I83: =G83*H83 -> 0 | J83: =(E83*F83)*I83 -> 0 | K83: =SUM(J83:J92) -> 0 | L83: =SUMIFS(TablaViaticos2021!$D$6:$D$17,TablaViaticos2021!$A$6:$A$17,Calculos!B83) -> 0 | M83: =I83*L83 -> 0 | N83: =SUM(M83:M92) -> 0 | O83: =K83+N83 -> 0
C84: 1A | E84: =IFERROR(VLOOKUP(B84,'Tabla Honorarios 2023'!$A$27:$H$60,7,0),0) -> 0 | I84: =G84*H84 -> 0 | J84: =(E84*F84)*I84 -> 0 | L84: =SUMIFS(TablaViaticos2021!$D$6:$D$17,TablaViaticos2021!$A$6:$A$17,Calculos!B84) -> 0 | M84: =I84*L84 -> 0
C85: 1F | E85: =IFERROR(VLOOKUP(B85,'Tabla Honorarios 2023'!$A$27:$H$60,7,0),0) -> 0 | I85: =G85*H85 -> 0 | J85: =(E85*F85)*I85 -> 0 | L85: =SUMIFS(TablaViaticos2021!$D$6:$D$17,TablaViaticos2021!$A$6:$A$17,Calculos!B85) -> 0 | M85: =I85*L85 -> 0
E86: =IFERROR(VLOOKUP(B86,'Tabla Honorarios 2023'!$A$27:$H$60,7,0),0) -> 0 | I86: =G86*H86 -> 0 | J86: =(E86*F86)*I86 -> 0 | L86: =SUMIFS(TablaViaticos2021!$D$6:$D$17,TablaViaticos2021!$A$6:$A$17,Calculos!B86) -> 0 | M86: =I86*L86 -> 0
E87: =IFERROR(VLOOKUP(B87,'Tabla Honorarios 2023'!$A$27:$H$60,7,0),0) -> 0 | I87: =G87*H87 -> 0 | J87: =(E87*F87)*I87 -> 0 | L87: =SUMIFS(TablaViaticos2021!$D$6:$D$17,TablaViaticos2021!$A$6:$A$17,Calculos!B87) -> 0 | M87: =I87*L87 -> 0
E88: =IFERROR(VLOOKUP(B88,'Tabla Honorarios 2023'!$A$27:$H$60,7,0),0) -> 0 | I88: =G88*H88 -> 0 | J88: =(E88*F88)*I88 -> 0 | L88: =SUMIFS(TablaViaticos2021!$D$6:$D$17,TablaViaticos2021!$A$6:$A$17,Calculos!B88) -> 0 | M88: =I88*L88 -> 0
E89: =IFERROR(VLOOKUP(B89,'Tabla Honorarios 2023'!$A$27:$H$60,7,0),0) -> 0 | I89: =G89*H89 -> 0 | J89: =(E89*F89)*I89 -> 0 | L89: =SUMIFS(TablaViaticos2021!$D$6:$D$17,TablaViaticos2021!$A$6:$A$17,Calculos!B89) -> 0 | M89: =I89*L89 -> 0
E90: =IFERROR(VLOOKUP(B90,'Tabla Honorarios 2023'!$A$27:$H$60,7,0),0) -> 0 | I90: =G90*H90 -> 0 | J90: =(E90*F90)*I90 -> 0 | L90: =SUMIFS(TablaViaticos2021!$D$6:$D$17,TablaViaticos2021!$A$6:$A$17,Calculos!B90) -> 0 | M90: =I90*L90 -> 0
E91: =IFERROR(VLOOKUP(B91,'Tabla Honorarios 2023'!$A$27:$H$60,7,0),0) -> 0 | I91: =G91*H91 -> 0 | J91: =(E91*F91)*I91 -> 0 | L91: =SUMIFS(TablaViaticos2021!$D$6:$D$17,TablaViaticos2021!$A$6:$A$17,Calculos!B91) -> 0 | M91: =I91*L91 -> 0
E92: =IFERROR(VLOOKUP(B92,'Tabla Honorarios 2023'!$A$27:$H$60,7,0),0) -> 0 | I92: =G92*H92 -> 0 | J92: =(E92*F92)*I92 -> 0 | L92: =SUMIFS(TablaViaticos2021!$D$6:$D$17,TablaViaticos2021!$A$6:$A$17,Calculos!B92) -> 0 | M92: =I92*L92 -> 0
A93: Permiso de emisiones atmosféricas | C93: 1J | E93: =IFERROR(VLOOKUP(B93,'Tabla Honorarios 2023'!$A$27:$H$60,7,0),0) -> 0 | I93: =G93*H93 -> 0 | J93: =(E93*F93)*I93 -> 0 | K93: =SUM(J93:J102) -> 0 | L93: =SUMIFS(TablaViaticos2021!$D$6:$D$17,TablaViaticos2021!$A$6:$A$17,Calculos!B93) -> 0 | M93: =I93*L93 -> 0 | N93: =SUM(M93:M102) -> 0 | O93: =K93+N93 -> 0
C94: 1A | E94: =IFERROR(VLOOKUP(B94,'Tabla Honorarios 2023'!$A$27:$H$60,7,0),0) -> 0 | I94: =G94*H94 -> 0 | J94: =(E94*F94)*I94 -> 0 | L94: =SUMIFS(TablaViaticos2021!$D$6:$D$17,TablaViaticos2021!$A$6:$A$17,Calculos!B94) -> 0 | M94: =I94*L94 -> 0
C95: 1F | E95: =IFERROR(VLOOKUP(B95,'Tabla Honorarios 2023'!$A$27:$H$60,7,0),0) -> 0 | I95: =G95*H95 -> 0 | J95: =(E95*F95)*I95 -> 0 | L95: =SUMIFS(TablaViaticos2021!$D$6:$D$17,TablaViaticos2021!$A$6:$A$17,Calculos!B95) -> 0 | M95: =I95*L95 -> 0
E96: =IFERROR(VLOOKUP(B96,'Tabla Honorarios 2023'!$A$27:$H$60,7,0),0) -> 0 | I96: =G96*H96 -> 0 | J96: =(E96*F96)*I96 -> 0 | L96: =SUMIFS(TablaViaticos2021!$D$6:$D$17,TablaViaticos2021!$A$6:$A$17,Calculos!B96) -> 0 | M96: =I96*L96 -> 0
E97: =IFERROR(VLOOKUP(B97,'Tabla Honorarios 2023'!$A$27:$H$60,7,0),0) -> 0 | I97: =G97*H97 -> 0 | J97: =(E97*F97)*I97 -> 0 | L97: =SUMIFS(TablaViaticos2021!$D$6:$D$17,TablaViaticos2021!$A$6:$A$17,Calculos!B97) -> 0 | M97: =I97*L97 -> 0
E98: =IFERROR(VLOOKUP(B98,'Tabla Honorarios 2023'!$A$27:$H$60,7,0),0) -> 0 | I98: =G98*H98 -> 0 | J98: =(E98*F98)*I98 -> 0 | L98: =SUMIFS(TablaViaticos2021!$D$6:$D$17,TablaViaticos2021!$A$6:$A$17,Calculos!B98) -> 0 | M98: =I98*L98 -> 0
E99: =IFERROR(VLOOKUP(B99,'Tabla Honorarios 2023'!$A$27:$H$60,7,0),0) -> 0 | I99: =G99*H99 -> 0 | J99: =(E99*F99)*I99 -> 0 | L99: =SUMIFS(TablaViaticos2021!$D$6:$D$17,TablaViaticos2021!$A$6:$A$17,Calculos!B99) -> 0 | M99: =I99*L99 -> 0
E100: =IFERROR(VLOOKUP(B100,'Tabla Honorarios 2023'!$A$27:$H$60,7,0),0) -> 0 | I100: =G100*H100 -> 0 | J100: =(E100*F100)*I100 -> 0 | L100: =SUMIFS(TablaViaticos2021!$D$6:$D$17,TablaViaticos2021!$A$6:$A$17,Calculos!B100) -> 0 | M100: =I100*L100 -> 0
...

Sheet Tabla Honorarios 2023
A1: REMUNERACION PARA CONTRATOS DE 2023 | L1: Tabla de especialidades tecnicas
A2: DENOMINACION | B2: NIVEL | C2: GRADO | D2: Honorarios CORPOURABA | E2: Vr hora | F2: Experiencia (en meses) | G2: MADS | L2: Abogado
A3: ASESOR | B3: NIVEL ASESOR | C3: 3 | D3: 4802698 | E3: =D3/30/8 -> 20011.242 | L3: Biología
A4: DIRECTOR@ GENERAL | B4: DIRECTIVO | C4: 20 | D4: 12941445 | E4: =D4/30/8 -> 53922.688 | G4: =+G52 -> 17519719 | L4: Cartografía
A5: SUBDIRECTOR@ | B5: DIRECTIVO | C5: 14 | D5: 9245042 | E5: =D5/30/8 -> 38521.008 | G5: =+G51 -> 15707335 | L5: Director@ General
A6: JEFE OFICINA JURIDICA | B6: DIRECTIVO | C6: 14 | D6: 9245042 | E6: =D6/30/8 -> 38521.008 | G6: =+G50 -> 15707335 | L6: Ecología
A7: PROFESIONAL ESPECIALIZADO | B7: NIVEL PROFESIONAL | C7: 13 | D7: 5525378 | E7: =D7/30/8 -> 23022.408 | F7: 10 MES | G7: =+G43 -> 10270180 | L7: Experto SIG
A8: PROFESIONAL UNIVERSITARIO | B8: NIVEL PROFESIONAL | C8: 11 | D8: 4806804 | E8: =D8/30/8 -> 20028.35 | F8: 30 MESES | G8: =+G36 -> 7551603.2 | L8: Geología
A9: PROFESIONAL UNIVERSITARIO | B9: NIVEL PROFESIONAL | C9: 8 | D9: 4276330 | E9: =D9/30/8 -> 17818.042 | F9: 21 MESES | G9: =+G33 -> 6645410.8 | L9: Ingeniería Acuícola
A10: PROFESIONAL UNIVERSITARIO | B10: NIVEL PROFESIONAL | C10: 1 | D10: 2915041 | E10: =D10/30/8 -> 12146.004 | G10: =+G32 -> 6282933.8 | L10: Ingeniería Agropecuario
A11: TECNICO ADMINISTRATIVO | B11: NIVEL TECNICO | C11: 16 | D11: 3804925 | E11: =D11/30/8 -> 15853.854 | F11: 6 MESES | G11: =+G31 -> 5200336 | L11: Ingeniería Ambiental
A12: TECNICO ADMINISTRATIVO | B12: NIVEL TECNICO | C12: 14 | D12: 3222201 | E12: =D12/30/8 -> 13425.837 | F12: 6 MESES | G12: =+G30 -> 4743615 | L12: Ingeniería civil
A13: TECNICO ADMINISTRATIVO | B13: NIVEL TECNICO | C13: 13 | D13: 3108654 | E13: =D13/30/8 -> 12952.725 | L13: Ingeniería Forestal
A14: SECRETARIA EJECUTIVA | B14: NIVEL ASISTENCIAL | C14: 18 | D14: 2607573 | E14: =D14/30/8 -> 10864.888 | F14: 15 | L14: Ingeniería Geólogo
A15: SECRETARIA EJECUTIVA | B15: NIVEL ASISTENCIAL | C15: 16 | D15: 2491836 | E15: =D15/30/8 -> 10382.65 | F15: 5 | L15: Ingeniería Oceanográfico
A16: SECRETARIA EJECUTIVA | B16: NIVEL ASISTENCIAL | C16: 14 | D16: 2313840 | E16: =D16/30/8 -> 9641 | L16: Ingeniería Sanitario
A17: OPERARIOS CALIFICADOS | B17: NIVEL ASISTENCIAL | C17: 15 | D17: 2385758 | E17: =D17/30/8 -> 9940.6583 | G17: =+G27 -> 3025474.3 | L17: Microbiólogía
A18: OPERARIOS CALIFICADOS | B18: NIVEL ASISTENCIAL | C18: 11 | D18: 2042712 | E18: =D18/30/8 -> 8511.3 | L18: Oceanógrafía
A19: AUXILIAR SERVICIOS GENERAL | B19: NIVEL ASISTENCIAL | C19: 11 | D19: 2042712 | E19: =D19/30/8 -> 8511.3 | L19: Otras Ingenierías
L20: Otras tecnologías y/o técnicas
L21: Subdirector@
L22: Tecnología Forestal
L23: Trabajador Social
A26: DENOMINACION | B26: Clasificación | C26: Estudios | D26: Estudios | E26: Experiencia (en meses) | F26: Honorarios 2023 MADS (hasta) | G26: Honorarios 2026 (IPC 2023 a 2025) | H26: Equivalencias Tabla Corporación | I26: Grado
A27: =CONCATENATE(A17," ", "GRADO"," ",C17) -> OPERARIOS CALIFICADOS GRADO 15 | B27: 1 | C27: TB | D27: Título Bachiller | E27: 12 MER O L | F27: 2504000 | G27: =F27*(1+bdMacroeconomicos!$B$17)*(1+bdMacroeconomicos!$B$18)*(1+bdMacroeconomicos!$B$19) -> 3025474.3 | H27: =+A17 -> OPERARIOS CALIFICADOS | I27: 15
B28: =B27+1 -> 2 | C28: TFTP | D28: Título de Formación Tecnica Profesional | E28: 6 MER O L | F28: 3826000 | G28: =F28*(1+bdMacroeconomicos!$B$17)*(1+bdMacroeconomicos!$B$18)*(1+bdMacroeconomicos!$B$19) -> 4622789.4 | L28: DENOMINACION DE CARGOS | N28: Grado Salarial | O28: Cant | P28: Asignación Básica
B29: =B28+1 -> 3 | C29: TFTP | D29: Título de Formación Tecnica Profesional | E29: 12 MER O L | F29: 4204000 | G29: =F29*(1+bdMacroeconomicos!$B$17)*(1+bdMacroeconomicos!$B$18)*(1+bdMacroeconomicos!$B$19) -> 5079510.3 | M29: Nivel | P29: Mensual | Q29: Prima Antigüedad (Quinquenio)
A30: =CONCATENATE(A12," ", "GRADO"," ",C12) -> TECNICO ADMINISTRATIVO GRADO 14 | B30: =B29+1 -> 4 | C30: TFT | D30: Título de Formación Tecnológica | E30: 6 MER O L | F30: 3926000 | G30: =F30*(1+bdMacroeconomicos!$B$17)*(1+bdMacroeconomicos!$B$18)*(1+bdMacroeconomicos!$B$19) -> 4743615 | H30: =+A13 -> TECNICO ADMINISTRATIVO | I30: 14 | L30: DIRECTOR GENERAL | M30: NIVEL DIRECTIVO | N30: 20 | O30: 1 | P30: 8554717.6
A31: =CONCATENATE(A11," ", "GRADO"," ",C11) -> TECNICO ADMINISTRATIVO GRADO 16 | B31: =B30+1 -> 5 | C31: TFT | D31: Título de Formación Tecnológica | E31: 7-24 MER O L | F31: 4304000 | G31: =F31*(1+bdMacroeconomicos!$B$17)*(1+bdMacroeconomicos!$B$18)*(1+bdMacroeconomicos!$B$19) -> 5200336 | H31: =+A11 -> TECNICO ADMINISTRATIVO | I31: 16 | L31: SUBDIRECTOR | M31: NIVEL DIRECTIVO | N31: 14 | O31: 4 | P31: 6111274
A32: =CONCATENATE(A10," ", "GRADO"," ",C10) -> PROFESIONAL UNIVERSITARIO GRADO 1 | B32: =B31+1 -> 6 | C32: TP | D32: Título Profesional | E32: 0 | F32: 5200000 | G32: =F32*(1+bdMacroeconomicos!$B$17)*(1+bdMacroeconomicos!$B$18)*(1+bdMacroeconomicos!$B$19) -> 6282933.8 | H32: =+A10 -> PROFESIONAL UNIVERSITARIO | I32: 1 | L32: JEFE DE OFICINA | M32: NIVEL ASESOR | N32: 10 | O32: 1 | P32: 5305948.9
A33: =CONCATENATE(A9," ", "GRADO"," ",C9) -> PROFESIONAL UNIVERSITARIO GRADO 8 | B33: =B32+1 -> 7 | C33: TP | D33: Título Profesional | E33: 6 | F33: 5500000 | G33: =F33*(1+bdMacroeconomicos!$B$17)*(1+bdMacroeconomicos!$B$18)*(1+bdMacroeconomicos!$B$19) -> 6645410.8 | H33: =+A9 -> PROFESIONAL UNIVERSITARIO | I33: 8 | L33: ASESOR | M33: NIVEL ASESOR | N33: 6 | O33: 1 | P33: 4978519.5
B34: =B33+1 -> 8 | C34: TP | D34: Título Profesional | E34: 12 | F34: 5500000 | G34: =F34*(1+bdMacroeconomicos!$B$17)*(1+bdMacroeconomicos!$B$18)*(1+bdMacroeconomicos!$B$19) -> 6645410.8 | L34: PROFESIONAL ESPECIALIZADO | M34: NIVEL PROFESIONAL | N34: 13 | O34: 12 | P34: 3652453
B35: =B34+1 -> 9 | C35: TP | D35: Título Profesional | E35: 24 | F35: 5800000 | G35: =F35*(1+bdMacroeconomicos!$B$17)*(1+bdMacroeconomicos!$B$18)*(1+bdMacroeconomicos!$B$19) -> 7007887.7 | L35: PROFESIONAL UNIVERSITARIO | M35: NIVEL PROFESIONAL | N35: 11 | O35: 19 | P35: 3177452.7
A36: =CONCATENATE(A8," ", "GRADO"," ",C8) -> PROFESIONAL UNIVERSITARIO GRADO 11 | B36: =B35+1 -> 10 | C36: TP | D36: Título Profesional | E36: 36 | F36: 6250000 | G36: =F36*(1+bdMacroeconomicos!$B$17)*(1+bdMacroeconomicos!$B$18)*(1+bdMacroeconomicos!$B$19) -> 7551603.2 | H36: =+A8 -> PROFESIONAL UNIVERSITARIO | I36: 11 | L36: PROFESIONAL UNIVERSITARIO | M36: NIVEL PROFESIONAL | N36: 8 | O36: 1 | P36: 2826791.8
B37: =B36+1 -> 11 | C37: TP | D37: Título Profesional | E37: 48 | F37: 6250000 | G37: =F37*(1+bdMacroeconomicos!$B$17)*(1+bdMacroeconomicos!$B$18)*(1+bdMacroeconomicos!$B$19) -> 7551603.2 | L37: TECNICO ADMINISTRATIVO | M37: NIVEL TECNICO | N37: 16 | O37: 15 | P37: 2515176.9
A38: =CONCATENATE(A8," ", "GRADO"," ",C8) -> PROFESIONAL UNIVERSITARIO GRADO 11 | B38: =B37+1 -> 12 | C38: TP | D38: Título Profesional | E38: 60 | F38: 7000000 | G38: =F38*(1+bdMacroeconomicos!$B$17)*(1+bdMacroeconomicos!$B$18)*(1+bdMacroeconomicos!$B$19) -> 8457795.5 | L38: TECNICO ADMINISTRATIVO | M38: NIVEL TECNICO | N38: 14 | O38: 3 | P38: 2129976.2
B39: =B38+1 -> 13 | C39: TP | D39: Título Profesional | E39: 60 | F39: 7000000 | G39: =F39*(1+bdMacroeconomicos!$B$17)*(1+bdMacroeconomicos!$B$18)*(1+bdMacroeconomicos!$B$19) -> 8457795.5 | L39: SECRETARIA EJECUTIVA | M39: NIVEL ASISTENCIAL | N39: 18 | O39: 2 | P39: 1723689.8
B40: =B39+1 -> 14 | C40: TP+E ó TP+TA | D40: Título Profesional | E40: 60 | F40: 7000000 | G40: =F40*(1+bdMacroeconomicos!$B$17)*(1+bdMacroeconomicos!$B$18)*(1+bdMacroeconomicos!$B$19) -> 8457795.5 | L40: SECRETARIA EJECUTIVA | M40: NIVEL ASISTENCIAL | N40: 16 | O40: 3 | P40: 1647181.1
B41: =B40+1 -> 15 | C41: TP+E ó TP+TA | D41: Título Profesional | E41: =E40+6 -> 66 | F41: 5500000 | G41: =F41*(1+bdMacroeconomicos!$B$17)*(1+bdMacroeconomicos!$B$18)*(1+bdMacroeconomicos!$B$19) -> 6645410.8 | L41: SECRETARIA EJECUTIVA | M41: NIVEL ASISTENCIAL | N41: 14 | O41: 3 | P41: 1529521
B42: =B41+1 -> 16 | C42: TP+E ó TP+TA | D42: Título Profesional | E42: =E41+6 -> 72 | F42: 5800000 | G42: =F42*(1+bdMacroeconomicos!$B$17)*(1+bdMacroeconomicos!$B$18)*(1+bdMacroeconomicos!$B$19) -> 7007887.7 | L42: OPERARIOS CALIFICADOS | M42: NIVEL ASISTENCIAL | N42: 15 | O42: 7 | P42: 1577061.2
A43: =CONCATENATE(A7," ", "GRADO"," ",C7) -> PROFESIONAL ESPECIALIZADO GRADO 13 | B43: =B42+1 -> 17 | C43: TP+E ó TP+TA | D43: Título Profesional | E43: =E42+6 -> 78 | F43: 8500000 | G43: =F43*(1+bdMacroeconomicos!$B$17)*(1+bdMacroeconomicos!$B$18)*(1+bdMacroeconomicos!$B$19) -> 10270180 | H43: =+A7 -> PROFESIONAL ESPECIALIZADO | I43: 13 | L43: OPERARIOS CALIFICADOS | M43: NIVEL ASISTENCIAL | N43: 11 | O43: 4 | P43: 1350295.7
B44: =B43+1 -> 18 | C44: TP+E ó TP+TA | D44: Título Profesional | E44: =E43+6 -> 84 | F44: 7000000 | G44: =F44*(1+bdMacroeconomicos!$B$17)*(1+bdMacroeconomicos!$B$18)*(1+bdMacroeconomicos!$B$19) -> 8457795.5 | L44: AUXILIAR SERVICIOS GENERAL | M44: NIVEL ASISTENCIAL | N44: 11 | O44: 1 | P44: 1350295.4
B45: =B44+1 -> 19 | C45: TP+E ó TP+TA | D45: Título Profesional | E45: =E44+6 -> 90 | F45: 7750000 | G45: =F45*(1+bdMacroeconomicos!$B$17)*(1+bdMacroeconomicos!$B$18)*(1+bdMacroeconomicos!$B$19) -> 9363987.9 | L45: Fuente incremento salarial: anexo 01 Circular Externa 04 marzo 06 2018 | P45: =SUM(P30:P44) -> 48430355 | Q45: =SUM(Q30:Q44) -> 0
B46: =B45+1 -> 20 | C46: TP+E ó TP+TA | D46: Título Profesional | E46: 48 | F46: 8500000 | G46: =F46*(1+bdMacroeconomicos!$B$17)*(1+bdMacroeconomicos!$B$18)*(1+bdMacroeconomicos!$B$19) -> 10270180
B47: =B46+1 -> 21 | C47: TP+E ó TP+TA | D47: Título Profesional | E47: =E46+4 -> 52 | F47: 8500000 | G47: =F47*(1+bdMacroeconomicos!$B$17)*(1+bdMacroeconomicos!$B$18)*(1+bdMacroeconomicos!$B$19) -> 10270180
B48: =B47+1 -> 22 | C48: TP+E ó TP+TA | D48: Título Profesional | E48: =E47+4 -> 56 | F48: 8500000 | G48: =F48*(1+bdMacroeconomicos!$B$17)*(1+bdMacroeconomicos!$B$18)*(1+bdMacroeconomicos!$B$19) -> 10270180
B49: =B48+1 -> 23 | C49: TP+E ó TP+TA | D49: Título Profesional | E49: =E48+4 -> 60 | F49: 8500000 | G49: =F49*(1+bdMacroeconomicos!$B$17)*(1+bdMacroeconomicos!$B$18)*(1+bdMacroeconomicos!$B$19) -> 10270180
A50: =CONCATENATE(A6," ", "GRADO"," ",C6) -> JEFE OFICINA JURIDICA GRADO 14 | B50: =B49+1 -> 24 | C50: TP+M | D50: Título Profesional | E50: 52 | F50: 13000000 | G50: =F50*(1+bdMacroeconomicos!$B$17)*(1+bdMacroeconomicos!$B$18)*(1+bdMacroeconomicos!$B$19) -> 15707335 | H50: =+A6 -> JEFE OFICINA JURIDICA | I50: 14
A51: =CONCATENATE(A5," ", "GRADO"," ",C5) -> SUBDIRECTOR@ GRADO 14 | B51: =B50+1 -> 25 | C51: TP+M | D51: Título Profesional | E51: 60 | F51: 13000000 | G51: =F51*(1+bdMacroeconomicos!$B$17)*(1+bdMacroeconomicos!$B$18)*(1+bdMacroeconomicos!$B$19) -> 15707335 | H51: =+A5 -> SUBDIRECTOR@ | I51: 14
A52: =CONCATENATE(A4," ", "GRADO"," ",C4) -> DIRECTOR@ GENERAL GRADO 20 | B52: =B51+1 -> 26 | C52: TP+M | D52: Título Profesional | E52: 72 | F52: 14500000 | G52: =F52*(1+bdMacroeconomicos!$B$17)*(1+bdMacroeconomicos!$B$18)*(1+bdMacroeconomicos!$B$19) -> 17519719 | H52: =+A4 -> DIRECTOR@ GENERAL | I52: 20
B53: =B52+1 -> 27 | C53: TP+DOC | D53: Título Profesional | E53: 60 | F53: 14500000 | G53: =F53*(1+bdMacroeconomicos!$B$17)*(1+bdMacroeconomicos!$B$18)*(1+bdMacroeconomicos!$B$19) -> 17519719
C54: E | D54: Especialización
C55: M | D55: Maestría
C56: DOC | D56: Doctorado
C57: ER | D57: Experiencia Relacionada
C58: TA | D58: Título Adocional
C59: MEPR | D59: Meses de Experiencia Profesional Relacionada
C60: MER O L | D60: Meses de Experiencia Profesional Relacionada ó Laboral
B61: Fuente: Resolución MADS 0146 del 21-02-2023
A65: Tabla desplegable # x Denominación Cargos
A67: PROFESIONAL ESPECIALIZADO GRADO 13
A68: PROFESIONAL UNIVERSITARIO GRADO 11
A69: PROFESIONAL UNIVERSITARIO GRADO 8
A70: TECNICO ADMINISTRATIVO GRADO 14
A71: TECNICO ADMINISTRATIVO GRADO 16
A72: OPERARIOS CALIFICADOS GRADO 15
A73: PROFESIONAL ESPECIALIZADO CON TITULO ADICIONAL - CONTRATISTA
A74: PROFESIONAL CON MAESTRIA - CONTRATISTA

Sheet TablaViaticos2021
B1: Tabla de viaticos
B3: COMISIONES DE SERVICIO EN EL INTERIOR DEL PAÍS
A4: DENOMINACION | B4: REMUNERACIÓN MENSUAL | D4: VIÁTICOS DIARIOS EN PESOS | E4: VIÁTICOS DIARIOS EN PESOS no pernotado 25% | F4: items
B5: DE $ | C5: HASTA $ | D5: HASTA $
A6: NA | B6: 0 | C6: 1228413 | D6: 111414 | E6: =D6*25% -> 27853.5 | F6: 1
A7: OPERARIOS CALIFICADOS GRADO 15 | B7: 1228413 | C7: 1930333 | D7: 152268 | E7: =D7*25% -> 38067 | F7: =F6+1 -> 2
A8: TECNICO ADMINISTRATIVO GRADO 14 | B8: 1930333 | C8: 2577679 | D8: 184753 | E8: =D8*25% -> 46188.25 | F8: =F7+1 -> 3
A9: TECNICO ADMINISTRATIVO GRADO 16 | B9: 2577679 | C9: 3269437 | D9: 214980 | E9: =D9*25% -> 53745 | F9: =F8+1 -> 4
A10: NA | B10: 3269437 | C10: 3948523 | D10: 246864 | E10: =D10*25% -> 61716 | F10: =F9+1 -> 5
A11: PROFESIONAL UNIVERSITARIO GRADO 8 | B11: 3948523 | C11: 5954970 | D11: 278634 | E11: =D11*25% -> 69658.5 | F11: =F10+1 -> 6
A12: PROFESIONAL UNIVERSITARIO GRADO 11 | B12: 5954970 | C12: 8322997 | D12: 338443 | E12: =D12*25% -> 84610.75 | F12: =F11+1 -> 7
A13: PROFESIONAL ESPECIALIZADO GRADO 13 | B13: 8322997 | C13: 9882403 | D13: 456561 | E13: =D13*25% -> 114140.25 | F13: =F12+1 -> 8
A14: NA | B14: 9882403 | C14: 12165606 | D14: 593522 | E14: =D14*25% -> 148380.5 | F14: =F13+1 -> 9
A15: PROFESIONAL ESPECIALIZADO CON TITULO ADICIONAL - CONTRATISTA | B15: 12165606 | C15: 14710550 | D15: 717923 | E15: =D15*25% -> 179480.75 | F15: =F14+1 -> 10
A16: PROFESIONAL CON MAESTRIA - CONTRATISTA | B16: 14710550 | C16: En adelante | D16: 845463 | E16: =D16*25% -> 211365.75 | F16: =F15+1 -> 11
E17: =D17*25% -> 0
A18: Fuente:
B19: PARAGRAFO 2: Cuando no se requiera pernoctar en el lugar de la comision, se reconocera el veinticinco por ciento (25%) del valor fijado en la escala de viaticos. Este aplica para comisiones fuera de la jurisdiccion de Corpouraba y para comisiones en municipios dentro de la jurisdiccion de Corpouraba, toda vez la permanencia en el lugar dure seis (6) horas o mas ejecutando actividades propias del cargo debidamente autorizadas.
B24: Tabla viaticos por cargo
B25: DENOMINACION DE CARGOS | C25: GRADO | D25: Salario | E25: Día | F25: 25% no pernotado | G25: Item
A26: =+CONCATENATE(B26,C26) -> DIRECTOR GENERAL20 | B26: DIRECTOR GENERAL | C26: 20 | D26: 8872530 | E26: 300257 | F26: 75064.25 | G26: 8
A27: =+CONCATENATE(B27,C27) -> SUBDIRECTOR14 | B27: SUBDIRECTOR | C27: 14 | D27: 6338312 | E27: 247196 | F27: 61799 | G27: 7
A28: =+CONCATENATE(B28,C28) -> JEFE DE OFICINA10 | B28: JEFE DE OFICINA | C28: 10 | D28: 5503067 | E28: 247196 | F28: 61799 | G28: 6
A29: =+CONCATENATE(B29,C29) -> ASESOR6 | B29: ASESOR | C29: 6 | D29: 5163475 | E29: 219010 | F29: 54752.5 | G29: 5
A30: =+CONCATENATE(B30,C30) -> PROFESIONAL ESPECIALIZADO13 | B30: PROFESIONAL ESPECIALIZADO | C30: 13 | D30: 3788145 | E30: 219010 | F30: 54752.5 | G30: 5
A31: =+CONCATENATE(B31,C31) -> PROFESIONAL UNIVERSITARIO11 | B31: PROFESIONAL UNIVERSITARIO | C31: 11 | D31: 3295498 | E31: 219010 | F31: 54752.5 | G31: 5
A32: =+CONCATENATE(B32,C32) -> PROFESIONAL UNIVERSITARIO8 | B32: PROFESIONAL UNIVERSITARIO | C32: 8 | D32: 2931810 | E32: 190723 | F32: 47680.75 | G32: 4
A33: =+CONCATENATE(B33,C33) -> TECNICO ADMINISTRATIVO16 | B33: TECNICO ADMINISTRATIVO | C33: 16 | D33: 2608619 | E33: 190723 | F33: 47680.75 | G33: 4
A34: =+CONCATENATE(B34,C34) -> TECNICO ADMINISTRATIVO14 | B34: TECNICO ADMINISTRATIVO | C34: 14 | D34: 2209108 | E34: 163907 | F34: 40976.75 | G34: 3
A35: =+CONCATENATE(B35,C35) -> SECRETARIA EJECUTIVA18 | B35: SECRETARIA EJECUTIVA | C35: 18 | D35: 1787727 | E35: 135087 | F35: 33771.75 | G35: 2
A36: =+CONCATENATE(B36,C36) -> SECRETARIA EJECUTIVA16 | B36: SECRETARIA EJECUTIVA | C36: 16 | D36: 1708377 | E36: 135087 | F36: 33771.75 | G36: 2
A37: =+CONCATENATE(B37,C37) -> SECRETARIA14 | B37: SECRETARIA | C37: 14 | D37: 1586345 | E37: 135087 | F37: 33771.75 | G37: 2
... A40: =+CONCATENATE(B40,C40) -> AUXILIAR SERVICIOS GENERAL11 | B40: AUXILIAR SERVICIOS GENERAL | C40: 11 | D40: 1242451 | E40: 135087 | F40: 33771.75 | G40: 2
B74: VIA TICOS DIARIOS EN PESOS

Sheet TarifasTransporte
I1: TERRESTRE | J1: TERRESTRE | K1: FLUVIAL
A2: Origen | B2: Destino | C2: ida y vuelta | D2: un trayecto | E2: Observaciones | F2: Costos | G2: Km Intraurbano | H2: Vr/Km Intraurbano | I2: Promedio Vr/Km Intraurbano | J2: Promedio Vr/Km Veredal | K2: Promedio Vr/Km | N2: Resolución 3600 del 9 de mayo de 2001
A3: Apartado | B3: San Pedro | C3: =D3*2 -> 48000 | D3: 24000 | G3: 72.6 | H3: =D3/G3 -> 330.57851 | I3: =300*1.0318 -> 309.54 | J3: =1250*1.0318 -> 1289.75 | K3: =500*1.0318 -> 515.9
A4: Apartado | B4: Arboletes | C4: =D4*2 -> 76000 | D4: 38000 | G4: 146.8 | H4: =D4/G4 -> 258.85559 | I4: 270 | J4: 1017 | K4: 433
A5: Apartado | B5: Necocli | C5: =D5*2 -> 34000 | D5: 17000 | G5: 71 | H5: =D5/G5 -> 239.43662
A6: Apartado | B6: Totumo | C6: =D6*2 -> 26000 | D6: 13000 | H6: =D6/G6 -> #DIV/0! | I6: TRANSPORTE REQUERIDO
A7: Apartado | B7: Turbo | C7: =D7*2 -> 12000 | D7: 6000 | G7: 33 | H7: =D7/G7 -> 181.81818 | I7: Tipo de Transporte | J7: KILOMETROS TOTAL por cada tipo de transporte | K7: VALOR TOTAL POR TIPO DE TRANSPORTE
A8: Apartado | B8: Carepa | C8: =D8*2 -> 4000 | D8: 2000 | G8: 15 | H8: =D8/G8 -> 133.33333 | I8: TERRESTRE INTERMUNICIPAL | J8: 200 | K8: =+J8*I3 -> 61908
A9: Apartado | B9: Chigorodó | C9: =D9*2 -> 8000 | D9: 4000 | G9: 26 | H9: =D9/G9 -> 153.84615 | I9: TERRESTRE VEREDAL | J9: 100 | K9: =J9*J3 -> 128975
A10: Apartado | B10: Mutatá | C10: =D10*2 -> 30000 | D10: 15000 | G10: 83 | H10: =D10/G10 -> 180.72289 | I10: FLUVIAL | J10: 200 | K10: =J10*K3 -> 103180
A11: Apartado | B11: Bajirá | C11: =D11*2 -> 0 | I11: VALOR TOTAL TRANSPORTE | K11: =SUM(K8:K10) -> 294063
A12: Apartado | B12: Brisas | C12: =D12*2 -> 0 | I12: Coloque cantidad estimado de cada tipo de transporte en Kilometros (total)
A13: Apartado | B13: Dabeiba | C13: =D13*2 -> 54000 | D13: 27000 | H13: =D13/G13 -> #DIV/0!
A14: Apartado | B14: Uramita | C14: =D14*2 -> 62000 | D14: 31000 | H14: =D14/G14 -> #DIV/0!
A15: Apartado | B15: Cañasgorda | C15: =D15*2 -> 82000 | D15: 41000 | H15: =D15/G15 -> #DIV/0!
A16: Cañasgorda | B16: Uramita | C16: =D16*2 -> 20000 | D16: 10000 | G16: 32 | H16: =D16/G16 -> 312.5
A17: Cañasgorda | B17: Rio Verde | C17: =D17*2 -> 28000 | D17: 14000 | G17: 34.4 | H17: =D17/G17 -> 406.97674
A18: Cañasgorda | B18: Cajòn | C18: =D18*2 -> 28000 | D18: 14000 | H18: =D18/G18 -> #DIV/0!
A19: Cañasgorda | B19: Pital | C19: =D19*2 -> 18000 | D19: 9000 | G19: 25 | H19: =D19/G19 -> 360
A20: Cañasgorda | B20: Dabeiba | C20: =D20*2 -> 32000 | D20: 16000 | G20: 67 | H20: =D20/G20 -> 238.80597
A21: Cañasgorda | B21: Santa Teresa | C21: =D21*2 -> 44000 | D21: 22000 | G21: 90 | H21: =D21/G21 -> 244.44444
A22: Cañasgorda | B22: Frontino | C22: =D22*2 -> 50000 | D22: 25000 | G22: 30 | H22: =D22/G22 -> 833.33333
A23: Cañasgorda | B23: Giraldo | C23: =D23*2 -> 20000 | D23: 10000 | H23: =D23/G23 -> #DIV/0!
A24: Cañasgorda | B24: Peque | C24: =D24*2 -> 60000 | D24: 30000 | G24: 161 | H24: =D24/G24 -> 186.3354
A25: Cañasgorda | B25: Cestillal | C25: =D25*2 -> 24000 | D25: 12000 | G25: 25 | H25: =D25/G25 -> 480
A26: Cañasgorda | B26: San Pascual | C26: =D26*2 -> 24000 | D26: 12000 | G26: 25 | H26: =D26/G26 -> 480
A27: Cañasgorda | B27: Nutibara | C27: =D27*2 -> 70000 | D27: 35000 | G27: 60 | H27: =D27/G27 -> 583.33333
A28: Cañasgorda | B28: Pinguro | C28: =D28*2 -> 36000 | D28: 18000 | G28: 40 | H28: =D28/G28 -> 450
A29: Cañasgorda | B29: Manglar | C29: =D29*2 -> 20000 | D29: 10000 | G29: 30 | H29: =D29/G29 -> 333.33333
A30: Cañasgorda | B30: Veredas - Caballo | C30: =D30*2 -> 100000 | D30: 50000 | E30: un día | G30: 20 | H30: =D30/G30 -> 2500
A31: Urrao | B31: Corregimientos | C31: =D31*2 -> 20000 | D31: 10000 | E31: Taxi | H31: =D31/G31 -> #DIV/0!
A32: Urrao | B32: Corregimientos | C32: =D32*1 -> 180000 | D32: 180000 | E32: Viaje día camioneta | G32: 50 | H32: =D32/G32 -> 3600
A33: Urrao | B33: Corregimientos - veredas | C33: =D33*2 -> 240000 | D33: 120000 | E33: en mula | H33: =D33/G33 -> #DIV/0!
A34: Urrao | B34: Medellin | C34: =D34*2 -> 70000 | D34: 35000 | G34: 175 | H34: =D34/G34 -> 200
A35: Urrao | B35: Santa fé | C35: =D35*2 -> 50000 | D35: 25000 | H35: =D35/G35 -> #DIV/0!
A36: Arboletes | B36: Corregimientos | C36: =D36*2 -> 70000 | D36: 35000 | H36: =D36/G36 -> #DIV/0!
A37: Arboletes | B37: Corregimientos - veredas | C37: =D37*2 -> 20000 | D37: 10000 | H37: =D37/G37 -> #DIV/0!
A38: Arboletes | B38: Corregimientos - veredas | C38: =D38 -> 35000 | D38: 35000 | E38: Caballo | G38: 20 | H38: =D38/G38 -> 1750
A40: Fluvial
A41: Brisas | B41: Murindo | C41: =D41*2 -> 140000 | D41: 70000 | H41: =D41/G41 -> #DIV/0!
A42: Brisas | B42: vigia | C42: =D42*2 -> 260000 | D42: 130000 | H42: =D42/G42 -> #DIV/0!
A43: Turbo | B43: vigia | C43: =D43*2 -> 260000 | D43: 130000 | G43: 300 | H43: =D43/G43 -> 433.33333
A44: Murindo | B44: Caños | C44: =D44*2 -> 190000 | D44: 95000 | E44: Día | H44: =D44/G44 -> #DIV/0!
A45: Turbo | B45: Golfo | C45: =D45*2 -> 3000000 | D45: 1500000 | E45: día Recorrido monitoreo | H45: =D45/G45 -> #DIV/0!
A46: Turbo | B46: Rio Leon | C46: =D46*2 -> 1500000 | D46: 750000 | E46: día Recorrido monitoreo | H46: =D46/G46 -> #DIV/0!
A49: Total gastos transporte
A50: Otros gastos de viaje
A51: Total Gastos de viaje | F51: =SUM(F3:F50) -> 0

Sheet Tarifaslab
C1: LISTA DE TARIFA DE SERVICIOS | M1: VALOR TOTAL DE LOS SERVICIOS DE LABORATORIO Y/O EVALUACIÓN
C2: Corporación para el Desarrollo Sostenible del Urabá | M2: =SUM(M3:M69) -> 0
C3: Código: D-FC-01 | D3: Versión: 25 | M3: =SUM(M74:M121) -> 0 | N3: QUÍMICOS
C4: Revisó: Sub. Administrativa y Financiera | D4: Aprobó: Director (a) General | M4: =SUM(M126:M139) -> 0 | N4: BIOLÓGICOS
C5: Fecha: 7 de marzo de 2018 | D5: Fecha: 7 de marzo de 2018 | M5: =SUM(M144:M157) -> 0 | N5: FÍSICOS
C6: Resolución: 300-03-10-23-0331-2018 | D6: Páginas: 1 de 10 | M6: =SUM(M162:M182) -> 0 | N6: METALES Y TÓXICOS
M7: =SUM(M186:M191) -> 0 | N7: PESTICIDAS
A8: VIGENCIA 2019 | I8: IPC | J8: 0.0409 | M8: =SUM(M196:M202) -> 0 | N8: Valor Transporte y Visita de Muestreo
A9: 1. TARIFAS APLICACIÓN DE LA AUTORIDAD AMBIENTAL | I9: Tarifa IVA | J9: 0.19 | M9: =SUM(M218) -> 0 | N9: Copias Heliográficas, Planos y Ploteos
A10: CONCESION DE AGUAS SUPERFICIALES-SUBTERRANEAS | C10: TARIFA DERECHOS DE PUBLICACION | D10: TARIFA DE SERVICIOS | E10: TOTAL A LIQUIDAR AL USUARIO
A11: Concesión de aguas | C11: =ROUND('[1]2017'!B8*(1+'[1]2018'!$J$8),-2) -> 70100 | D11: =ROUND('[1]2017'!C8*(1+'[1]2018'!$J$8),-2) -> 584500 | E11: =SUM(C11:D11) -> 654600
A12: Ocupación de Cauces | C12: =ROUND('[1]2017'!B9*(1+'[1]2018'!$J$8),-2) -> 70100 | D12: =ROUND('[1]2017'!C9*(1+'[1]2018'!$J$8),-2) -> 584500 | E12: =SUM(C12:D12) -> 654600
A13: Permiso de Perforación de Pozos | C13: =ROUND('[1]2017'!B10*(1+'[1]2018'!$J$8),-2) -> 70100 | D13: =ROUND('[1]2017'!C10*(1+'[1]2018'!$J$8),-2) -> 584500 | E13: =SUM(C13:D13) -> 654600
A14: Permiso de Vertimientos | C14: =ROUND('[1]2017'!B11*(1+'[1]2018'!$J$8),-2) -> 70100 | D14: =ROUND('[1]2017'!C11*(1+'[1]2018'!$J$8),-2) -> 584500 | E14: =SUM(C14:D14) -> 654600
A15: Viabilidad Ambiental | C15: =ROUND('[1]2017'!B12*(1+'[1]2018'!$J$8),-2) -> 70100 | D15: =ROUND('[1]2017'!C12*(1+'[1]2018'!$J$8),-2) -> 584500 | E15: =SUM(C15:D15) -> 654600
A18: VISITAS TECNICAS, APROVECHAMIENTO FORESTAL | C18: TARIFA DERECHOS DE PUBLICACION | D18: TARIFA DE SERVICIOS | E18: TOTAL A LIQUIDAR AL USUARIO
A19: Aprovechamientos Forestales
A20: Visita Técnica de un (1) día | C20: =ROUND('[1]2017'!B16*(1+'[1]2018'!$J$8),-2) -> 70100 | D20: =ROUND('[1]2017'!C16*(1+'[1]2018'!$J$8),-2) -> 233900 | E20: =SUM(C20:D20) -> 304000
A21: Visita Técnica de dos (2) días | C21: =ROUND('[1]2017'!B17*(1+'[1]2018'!$J$8),-2) -> 70100 | D21: =+D20*2 -> 467800 | E21: =SUM(C21:D21) -> 537900 | J21: =+D21-D20 -> 233900
A22: Visita Técnica de tres (3) días | C22: =ROUND('[1]2017'!B18*(1+'[1]2018'!$J$8),-2) -> 70100 | D22: =+D20*3 -> 701700 | E22: =SUM(C22:D22) -> 771800 | J22: =+D22-D21 -> 233900
A23: Registro Libro de Operaciones | C23: =ROUND('[1]2017'!B19*(1+'[1]2018'!$J$8),-2) -> 70100 | D23: =ROUND('[1]2017'!C19*(1+'[1]2018'!$J$8),-2) -> 163700 | E23: =SUM(C23:D23) -> 233800
A24: Aprovechamiento Forestal domestico | C24: 70100 | D24: 0 | E24: =SUM(C24:D24) -> 70100 | I24: Nuevo
A25: Aprovechamiento de productos de la flora silvestre con fines comerciales | C25: 70100 | D25: 654700 | E25: =SUM(C25:D25) -> 724800 | I25: Nuevo
A26: Registro de plantaciones Forestales | C26: 70100 | D26: 163700 | E26: =SUM(C26:D26) -> 233800 | I26: Nuevo
A28: PARAGRAFO 1. El aprovechamiento forestal incluye el persistente, único y de árboles aislados. | I28: Revisar con DD
A29: PARAGRAFO 2. Para el caso de los aprovechamientos de árboles aislados por tema de riesgos no tendrá ningún cobro. | I29: Revisar con DD
A30: LICENCIAS AMBIENTALES Y PLANES DE MANEJO | C30: TARIFA DERECHOS DE PUBLICACION | D30: TARIFA DE SERVICIOS | E30: TOTAL A LIQUIDAR AL USUARIO
A31: Licencias Ambientales | C31: =ROUND('[1]2017'!B23*(1+'[1]2018'!$J$8),-2) -> 187200 | D31: Ver Parágrafo 3 | E31: Ver Parágrafo 3
A32: Planes de Manejo Ambiental | C32: =ROUND('[1]2017'!B24*(1+'[1]2018'!$J$8),-2) -> 70100 | D32: =ROUND('[1]2017'!C24*(1+'[1]2018'!$J$8),-2) -> 584500 | E32: =SUM(C32:D32) -> 654600
A33: Levantamiento de Veda | C33: =ROUND('[1]2017'!B24*(1+'[1]2018'!$J$8),-2) -> 70100 | D33: Ver Parágrafo 3 | E33: Ver Parágrafo 3
A34: Evaluación de DAA | C34: 70100 | D34: Ver Parágrafo 3 | E34: Ver Parágrafo 3 | I34: Nuevo
A35: PARAGRAFO 3. El valor de la evaluación o tarifa de servicios se establecerá una vez se haya revisado toda la documentación. Esta evaluación se desarrollará con base en la Ley 633 de diciembre de 2000.
A37: PERMISO DE EMISIONES Y OTROS | C37: TARIFA DERECHOS DE PUBLICACION | D37: TARIFA DE SERVICIOS | E37: TOTAL A LIQUIDAR AL USUARIO
A38: Permisos de Emisiones Atmosféricas | C38: =ROUND('[1]2017'!B30*(1+'[1]2018'!$J$8),-2) -> 70100 | D38: =ROUND('[1]2017'!C30*(1+'[1]2018'!$J$8),-2) -> 584500 | E38: =SUM(C38:D38) -> 654600
A39: Conceptos de Carácter Ambiental | C39: 0 | D39: =ROUND('[1]2017'!C32*(1+'[1]2018'!$J$8),-2) -> 163700 | E39: =SUM(C39:D39) -> 163700 | I39: Modificado
A40: Implementación Guías Ambientales | C40: =ROUND('[1]2017'!B33*(1+'[1]2018'!$J$8),-2) -> 70100 | D40: =ROUND('[1]2017'!C33*(1+'[1]2018'!$J$8),-2) -> 584500 | E40: =SUM(C40:D40) -> 654600
A41: Permisos de Estudio (Del Recurso Hídrico, de Diversidad Biológica y Estudios Ambientales) | C41: =ROUND('[1]2017'!B34*(1+'[1]2018'!$J$8),-2) -> 70100 | D41: Ver Parágrafo 4 | E41: Ver Parágrafo 4
A42: Plan de contingencias para almacenamiento y transporte de sustancias peligrosas- e hidrocarburos | C42: 70100 | D42: 584500 | E42: =SUM(C42:D42) -> 654600 | I42: Nuevo
A43: Otros permisos, concesiones o autorizaciones no contempladas | C43: =ROUND('[1]2017'!B35*(1+'[1]2018'!$J$8),-2) -> 70100 | D43: =ROUND('[1]2017'!C35*(1+'[1]2018'!$J$8),-2) -> 584500 | E43: =SUM(C43:D43) -> 654600
A44: PARAGRAFO 4. El valor se establecerá una vez se haya revisado la documentación y definido el número de profesionales y de visitas que se requieren para la evaluación del trámite.
A46: PROCESO SANCIONATORIO | C46: TARIFA DERECHOS DE PUBLICACION | D46: TARIFA DE SERVICIOS | E46: TOTAL A LIQUIDAR AL USUARIO
A47: Procesos Sancionatorios | C47: =ROUND('[1]2017'!B29*(1+'[1]2018'!$J$8),-2) -> 0 | D47: Ver Parágrafo 5 | E47: Ver Parágrafo 5
A48: PARÁGRAFO 5. En los trámites sancionatorios el valor de la multa se establecerá de acuerdo con la infracción cometida, por tanto se cobrará cuando se decida el trámite con base en la normatividad vigente. | I48: Prque dice Diana que hay que eliminar?
A51: VISITAS TECNICAS DE SEGUIMIENTO A TRAMITES | C51: TARIFA DERECHOS DE PUBLICACION | D51: TARIFA DE SERVICIOS | E51: TOTAL A LIQUIDAR AL USUARIO
A52: Plan de manejo Ambiental | C52: =ROUND('[1]2017'!B40*(1+'[1]2018'!$J$8),-2) -> 0 | D52: 163700 | E52: =SUM(C52:D52) -> 163700
A53: Licencia Ambiental | C53: =ROUND('[1]2017'!B41*(1+'[1]2018'!$J$8),-2) -> 0 | D53: Ver Parágrafo 6 | E53: Ver Parágrafo 6
A54: Permisos, Autorizaciones y Concesiones | C54: =ROUND('[1]2017'!B42*(1+'[1]2018'!$J$8),-2) -> 0 | D54: =ROUND('[1]2017'!C42*(1+'[1]2018'!$J$8),-2) -> 163700 | E54: =SUM(C54:D54) -> 163700
A55: PARAGRAFO 6. En Licencias Ambientales el valor del seguimiento se establecerá una vez se haya revisado la documentación y definido el número de profesionales y de visitas que se requieren para la evaluación del trámite.
A56: PARAGRAFO 7. La evaluación y seguimiento de Planes de saneamiento y manejo de vertimientos y Programas de ahorro y uso eficiente del agua, se encuentran incluidos en las obligaciones de seguimiento de Permisos de vertimientos y de Concesiones de agua, por lo que están incluidos en el cobro del seguimiento de Permiso, Autorizaciones y Concesiones
A57: PARAGRAFO 8. La evaluación de solicitudes de modificación de licencias ambientales, planes de manejo ambiental y demás permisos, Autorizaciones y Concesiones, se cobrara conforme a las directrices de la Ley 633 de 2000.
A59: 2. SALVOCONDUCTOS
A61: SALVOCONDUCTOS | E61: TARIFA
A62: Movilización Metro Cúbico (M3) en bruto | E62: =ROUND('[1]2017'!D49*(1+'[1]2018'!$J$8),-2) -> 7900
A63: Removilización Vehículo Sencillo | E63: =ROUND('[1]2017'!D50*(1+'[1]2018'!$J$8),-2) -> 18800
A64: Removilización Vehículo Doble Troque | E64: =ROUND('[1]2017'!D51*(1+'[1]2018'!$J$8),-2) -> 24300
A65: Removilización Vehículo Cuatro Manos | E65: =ROUND('[1]2017'!D52*(1+'[1]2018'!$J$8),-2) -> 34000
A66: Papelería - Ver parágrafo 11 | E66: =ROUND('[1]2017'!D53*(1+'[1]2018'!$J$8),-2) -> 34000
A67: PARÁGRAFO 9: Para la movilización de hojas de palma, varas de guadua y carbón se realizará cobro del valor del salvoconducto exclusivamente.
A68: PARAGRAFO 10: Para los casos de re movilización de madera con un volumen superior a 100 m3 en bruto, el costo de re movilización por metro cubico en bruto será de $300 adicional.
M69: =SUM(M263:M267) -> 0 | N69: OTROS ESTUDIOS O EVALUCIONES:
A71: 3. LABORATORIO ANALISIS DE AGUA
A72: QUÍMICOS
A73: Parámetro/Método Analítico | C73: Valor servicio | D73: IVA 19% | E73: Valor Total | L73: SELECCIONE EL SERVICIO QUE SE REQUIERE | M73: VALOR SERVICIO SELECCIONADO
A74: Acidez total. Titulométrico. | C74: 9538 | D74: 1812.22 | E74: 11400 | M74: =IF(L74="X",E74,"")
A75: Carbonatos. Titulométrico. | C75: 9451 | D75: 1795.69 | E75: 11200 | M75: =IF(L75="X",E75,"")
A76: Bicarbonatos. Titulométrico. | C76: 9451 | D76: 1795.69 | E76: 11200 | M76: =IF(L76="X",E76,"")
A77: Alcalinidad Total. Titulométrico. | C77: 9451 | D77: 1795.69 | E77: 11200 | M77: =IF(L77="X",E77,"")
A78: Aluminio. Colorimétrico. | C78: 19856 | D78: 3772.64 | E78: 23600 | M78: =IF(L78="X",E78,"")
A79: Bromuros. Cromatográfico. | C79: 12312 | D79: 2339.28 | E79: 14700 | M79: =IF(L79="X",E79,"")
A80: Calcio. Titulométrico. | C80: 12312 | D80: 2339.28 | E80: 14700 | M80: =IF(L80="X",E80,"")
A81: Calcio. Cromatográfico. | C81: 13179 | D81: 2504.01 | E81: 15700 | M81: =IF(L81="X",E81,"")
A82: Calcio. Absorción Atómica | C82: 56012 | D82: 10642.28 | E82: 66700 | M82: =IF(L82="X",E82,"")
A83: Carbono Orgánico Total - COT. Combustión alta temperatura | C83: 61128 | D83: 11614.32 | E83: 72700 | M83: =IF(L83="X",E83,"")
A84: Cloro Residual Total. Titulométrico. | C84: 14914 | D84: 2833.66 | E84: 17700 | M84: =IF(L84="X",E84,"")
A85: Cloro Residual libre. Titulométrico. | C85: 14914 | D85: 2833.66 | E85: 17700 | M85: =IF(L85="X",E85,"")
... A121: Dióxido de Carbono. Calculo | C121: 9451 | D121: 1795.69 | E121: 11200 | M121: =IF(L121="X",E121,"")
A124: BIOLÓGICOS
A125: Parámetro/Método Analítico | C125: Valor servicio | D125: IVA 19% | E125: Valor Total
A126: Clorofila a. Colorimétrico. | C126: 49457 | D126: 9396.83 | E126: 58900 | M126: =IF(L126="X",E126,"")
A127: Coliformes Totales y Fecales. Tubos Múltiples. | C127: 41516 | D127: 7888.04 | E127: 49400
A128: Coliformes Totales y Fecales. Filtración por Membrana. | C128: 35829 | D128: 6807.51 | E128: 42600 | M128: =IF(L128="X",E128,"")
A129: Coliformes Totales y Fecales. Sustrato Definido. | C129: 35829 | D129: 6807.51 | E129: 42600 | M129: =IF(L129="X",E129,"")
A130: DBO. Titulación Tiosulfato. | C130: 46569 | D130: 8848.11 | E130: 55400 | M130: =IF(L130="X",E130,"")
A131: DBO FILTRADA. Titulación Tiosulfato. | C131: 49910 | D131: 9482.9 | E131: 59400 | M131: =IF(L131="X",E131,"")
A132: DBO. Medición por Electrodo. | C132: 46569 | D132: 8848.11 | E132: 55400 | M132: =IF(L132="X",E132,"")
A133: Heterótrofos. Recuento en Placas. | C133: 16606 | D133: 3155.14 | E133: 19800 | M133: =IF(L133="X",E133,"")
A134: Materia Orgánica. Oxidación, Titulométrico. | C134: 46930 | D134: 8916.7 | E134: 55800 | M134: =IF(L134="X",E134,"")
A135: Pseudomona Aureginosa. Filtración por Membrana. | C135: 31047 | D135: 5898.93 | E135: 36900 | M135: =IF(L135="X",E135,"")
A136: Recuento de Mesófilos. Recuento en Placa. | C136: 17147 | D136: 3257.93 | E136: 20400 | M136: =IF(L136="X",E136,"")
A137: Recuento de Mesófilos. Filtración por Membrana. | C137: 17147 | D137: 3257.93 | E137: 20400 | M137: =IF(L137="X",E137,"")
A138: Vibrio Colera. Filtración por Membrana. | C138: 47654 | D138: 9054.26 | E138: 56700 | M138: =IF(L138="X",E138,"")
A139: Salmonella sp. Filtración por Membrana. | C139: 61282 | D139: 11643.58 | E139: 72900 | M139: =IF(L139="X",E139,"")
A142: FÍSICOS
A143: Parámetro/Método Analítico | C143: Valor servicio | D143: IVA 19% | E143: Valor Total
A144: Color aparente. Comparación Visual. | C144: 6497 | D144: 1234.43 | E144: 7700 | M144: =IF(L144="X",E144,"")
A145: Color aparente. Fotométrico. | C145: 6497 | D145: 1234.43 | E145: 7700 | M145: =IF(L145="X",E145,"")
A146: Color real. Fotométrico. | C146: 8483 | D146: 1611.77 | E146: 10100 | M146: =IF(L146="X",E146,"")
A147: Conductividad. Electrométrico. | C147: 3881 | D147: 737.39 | E147: 4600 | M147: =IF(L147="X",E147,"")
A148: pH Potenciométrico | C148: 9477 | D148: 1800.63 | E148: 11300 | M148: =IF(L148="X",E148,"")
A149: Sólidos Disueltos. Gravimétrico. | C149: 14892 | D149: 2829.48 | E149: 17700 | M149: =IF(L149="X",E149,"")
...

Sheet VALOR DEL PROYECTO
A1: VALOR DEL PROYECTO >>>>>>>>>>>>>>>>>>>>>>>> | B1: =B5+B14 -> 250000000 | K1: VALOR DEL PROYECTO
K2: Articulo 1 de la Resolución 1280 de 2010 (Escal tarifaria: para proyectos, obras o actividades cuyo valor sea inferior a 2.115 salarios mínimos mensuales (smmv))
A3: DETERMINACIÓN DEL VALOR DEL PROYECTO. El valor estimado del proyecto, obra o actividad, comprende la sumatoria de los costos de inversión y operación, definidos de la siguiente manera: | B3: VALOR REPORTADO POR EL INTERESADO | K3: RANGO DEL VALOR DEL PROYECTO (En SMMV y en PESOS) | O3: TARIFA MÁXIMA
B4: Valor en Pesos Colombianos COSTO DE INVERSIÓN ($) | K4: 0 | L4: 25 | N4: =L4*781242 -> 19531050 | O4: ='CALCULO TARIFA FINAL'!C31 -> 104800
A5: COSTOS DE INVERSIÓN a) Costos de inversión: Incluyen los valores correspondientes a: | B5: =B7+B8+B9+B10+B11 -> 250000000 | C5: Plan de inversion forzosa certificado | K5: 25 | L5: 35 | N5: =L5*781242 -> 27343470 | O5: ='CALCULO TARIFA FINAL'!C32 -> 146800
C6: Plan de manejo | K6: 35 | L6: 50 | N6: =L6*781242 -> 39062100 | O6: ='CALCULO TARIFA FINAL'!C33 -> 209900
A7: -- Valor del predio objeto del proyecto: | B7: 250000000 | K7: 50 | L7: 70 | N7: =L7*781242 -> 54686940 | O7: ='CALCULO TARIFA FINAL'!C34 -> 294100
A8: -- Obras civiles (diseño y construcción): | K8: 70 | L8: 100 | N8: =L8*781242 -> 78124200 | O8: ='CALCULO TARIFA FINAL'!C35 -> 420300
A9: -- Adquisición y alquiler de maquinaria y equipo utilizados en las obras civiles: | K9: 100 | L9: 200 | N9: =L9*781242 -> 156248400 | O9: ='CALCULO TARIFA FINAL'!C36 -> 841000
A10: -- Constitución de servidumbres: | K10: 200 | L10: 300 | N10: =L10*781242 -> 234372600 | O10: ='CALCULO TARIFA FINAL'!C37 -> 1261700
A11: -- Otros bienes e inversiones relacionados con la actividad económica: | B11: 0 | D11: Articulo 1 de la Resolución 1280 de 2010 (Escal tarifaria: para proyectos, obras o actividades cuyo valor sea inferior a 2.115 salarios mínimos mensuales (smmv)) | K11: 300 | L11: 400 | N11: =L11*781242 -> 312496800 | O11: ='CALCULO TARIFA FINAL'!C38 -> 1682400
D12: De la Ley 633 de 2000: | K12: 400 | L12: 500 | N12: =L12*781242 -> 390621000 | O12: ='CALCULO TARIFA FINAL'!C39 -> 2103100
B13: Valor en Pesos Colombianos COSTO DE INVERSIÓN ($) | D13: Las tarifas que se cobran por concepto de la prestación de los servicios de evaluación y de los servicios de seguimiento ambiental, según sea el caso, no podrán exceder los siguientes topes: | K13: 500 | L13: 700 | N13: =L13*781242 -> 546869400 | O13: ='CALCULO TARIFA FINAL'!C40 -> 2944500
A14: COSTOS DE OPERACIÓN b) Costos de operación: Comprenden los gastos requeridos para la administración, operación y mantenimiento durante la vigencia del instrumento de control y manejo ambiental, e incluyen: | B14: =B16+B17+B18+B19+B20 -> 0 | D14: 1. Aquellos que tengan un valor de dos mil ciento quince (2.115) salarios mínimos mensuales vigentes tendrán una tarifa máxima del cero punto seis por ciento (0.6%). | K14: 700 | L14: 900 | N14: =L14*781242 -> 703117800 | O14: ='CALCULO TARIFA FINAL'!C41 -> 3785900
D15: 2. Aquellos que tengan un valor superior a los dos mil ciento quince (2.115) salarios mínimos mensuales vigentes e inferior a los ocho mil cuatrocientos cincuenta y ocho (8.458) salarios mínimos mensuales vigentes tendrán una tarifa máxima del cero punto cinco por ciento (0.5%). | K15: 900 | L15: 1500 | N15: =L15*781242 -> 1171863000 | O15: ='CALCULO TARIFA FINAL'!C42 -> 6310200
A16: -- Valor de las materias primas: | D16: 3. Aquellos que tengan un valor superior a los ocho mil cuatrocientos cincuenta y ocho (8.458) salarios mínimos mensuales vigentes, tendrán una tarifa máxima del cero punto cuatro por ciento (0.4%). | K16: 1500 | L16: 2114.9999 | N16: =L16*781242 -> 1.6523268e+09 | O16: ='CALCULO TARIFA FINAL'!C43 -> 8897500
A17: -- Mano de obra calificada y no calificada utilizada para la administración, operación y mantenimiento: | H17: Para proyectos con un valor inferior a 2,115 SMMV (Tarifa maxima del 0,6%) | K17: Tope de Menor | L17: 2115 | N17: =L17*bdMacroeconomicos!C12 -> 1652326830 | O17: =N17*0.006 -> 9913961
A18: -- Arrendamientos, servicios públicos, seguros y otros gastos generados: | H18: Para proyectos con un valor inferior a 2,115 SMMV (Tarifa maxima del 0,6%) | K18: 2115 | L18: 8457.9999 | M18: =K18*781242 -> 1652326830 | N18: =L18*bdMacroeconomicos!C12 -> 6.6077448e+09 | O18: =N18*0.005 -> 33038724
A19: -- Mantenimiento, reparación y/o reposición de equipos, instrumentos y/o elementos requeridos: | H19: Para proyectos con un valor inferior a 2,115 SMMV (Tarifa maxima del 0,6%) | K19: 8458 | L19: Mayores | N19: =K19*bdMacroeconomicos!C12 -> 6607744836 | O19: =N19*0.004 -> 26430979
A20: -- Desmantelamiento:
A22: INFORMACIÓN PARA SUSTENTAR EL VALOR DEL PROYECTO. Los usuarios deberán suministrar la información del valor del proyecto, obra o actividad, según lo establecido , para lo cual deberán diligenciar y entregar el anexo Costo del proyecto suministrado por el peticionario.
A24: La información consignada en el anexo deberá ser veraz y ajustada a las condiciones reales del proyecto, obra o actividad, y podrá ser verificada por la Corporación, en cualquier etapa del trámite, dando lugar a una nueva liquidación del servicio del instrumento ambiental correspondiente (en los términos establecidos).

Sheet bdMacroeconomicos
A1: Actualizado 01/2026
A2: AÑO | B2: IPC | C2: SMMV | D2: % Incremento Salario
A3: 2009 | B3: 0.02 | C3: 496900 | D3: 0.0767
A4: 2010 | B4: 0.0317 | C4: 515000 | D4: =C4/C3-1 -> 0.03642584
A5: 2011 | B5: 0.0373 | C5: 535600 | D5: =C5/C4-1 -> 0.04
A6: 2012 | B6: 0.0244 | C6: 566700 | D6: =C6/C5-1 -> 0.058065721
A7: 2013 | B7: 0.0194 | C7: 589500 | D7: =C7/C6-1 -> 0.040232927
A8: 2014 | B8: 0.0366 | C8: 616000 | D8: =C8/C7-1 -> 0.04495335
A9: 2015 | B9: 0.0677 | C9: 644350 | D9: =C9/C8-1 -> 0.046022727
A10: 2016 | B10: 0.0575 | C10: 689455 | D10: =C10/C9-1 -> 0.070000776
A11: 2017 | B11: 0.0409 | C11: 737717 | D11: =C11/C10-1 -> 0.070000218
A12: 2018 | B12: 0.0318 | C12: 781242 | D12: =C12/C11-1 -> 0.058999589
A13: 2019 | B13: 0.038 | C13: 828116 | D13: =C13/C12-1 -> 0.059999334
A14: 2020 | B14: 0.0161 | C14: 877803 | D14: =C14/C13-1 -> 0.060000048
A15: 2021 | B15: 0.0562 | C15: 908526 | D15: =C15/C14-1 -> 0.03499988
... A17: 2023 | B17: 0.0928 | C17: 1160000 | D17: =C17/C16-1 -> 0.16
A18: 2024 | B18: 0.052 | C18: 1300000 | D18: 0.1207
A19: 2025 | B19: 0.051 | C19: =+C18*1.1207 -> 1456910 | D19: 0.23
A20: 2026 | C20: 1750905

Sheet Tablasalarios2018
E1: Decreto 330 del 19 de febrero 2018
E2: 5.09
A3: DENOMINACION DE CARGOS | B3: NIVEL | C3: CODIGO | D3: GRADO SALARIAL | E3: ASIGNACION BASICA 2018 | F3: Vr hora
A4: DIRECTOR GENERAL | B4: DIRECTIVO | C4: 15 | D4: 20 | E4: 7871474 | F4: =E4/30/8 -> 32797.808
A5: SUBDIRECTOR | B5: DIRECTIVO | C5: 40 | D5: 14 | E5: 5623182 | F5: =E5/30/8 -> 23429.925
A6: JEFE DE OFICINA | B6: DIRECTIVO | C6: 137 | D6: 10 | E6: 4882176 | F6: =E6/30/8 -> 20342.4
A7: ASESOR | B7: ASESOR | C7: 1020 | D7: 3 | E7: 3465736 | F7: =E7/30/8 -> 14440.567
A8: PROFESIONAL ESPECIALIZADO | B8: PROFESIONAL | C8: 2028 | D8: 13 | E8: 3360741 | F8: =E8/30/8 -> 14003.087
A9: PROFESIONAL UNIVERSITARIO | B9: PROFESIONAL | C9: 2044 | D9: 11 | E9: 2923678 | F9: =E9/30/8 -> 12181.992
A10: PROFESIONAL UNIVERSITARIO | B10: PROFESIONAL | C10: 2044 | D10: 8 | E10: 2601023 | F10: =E10/30/8 -> 10837.596
A11: TECNICO ADMINISTRATIVO | B11: TECNICO | C11: 3124 | D11: 16 | E11: 2314296 | F11: =E11/30/8 -> 9642.9
A12: TECNICO ADMINISTRATIVO | B12: TECNICO | C12: 3124 | D12: 14 | E12: 1959861 | F12: =E12/30/8 -> 8166.0875
A13: SECRETARIA EJECUTIVA | B13: ASISTENCIAL | C13: 4210 | D13: 18 | E13: 1586023 | F13: =E13/30/8 -> 6608.4292
A14: SECRETARIA EJECUTIVA | B14: ASISTENCIAL | C14: 4210 | D14: 16 | E14: 1515625 | F14: =E14/30/8 -> 6315.1042
A15: SECRETARIA | B15: ASISTENCIAL | C15: 4178 | D15: 14 | E15: 1407362 | F15: =E15/30/8 -> 5864.0083
... A18: AUXILIAR SERVICIOS GENERAL | B18: ASISTENCIAL | C18: 4064 | D18: 11 | E18: 1242451 | F18: =E18/30/8 -> 5176.8792
